Workbook
Name \0: #REF!
Name \00: #REF!
Name \a: #REF!
Name \a: #REF!
Name \a: #REF!
Name \a: #REF!
Name \a: #REF!
Name \a: #REF!
Name \a: #REF!
Name \a: #REF!
Name \a: #REF!
Name \a: #REF!
Name \a: #REF!
Name \a: #REF!
Name \a: #REF!
Name \a: #REF!
Name \a: #REF!
Name \a: #REF!
Name \a: #REF!
Name \a: #REF!
Name \a: #REF!
Name \a: #REF!
Name \a: #REF!
Name \AA: [1]LIQUIDACION!#REF!
Name \b: #REF!
Name \b: #REF!
Name \b: #REF!
Name \b: #REF!
Name \b: [2]STRSUMM0!#REF!
Name \bb: [2]STRSUMM0!#REF!
Name \E: #REF!
Name \EE: #REF!
Name \eliminar: [3]RESUM96!#REF!
Name \eliminar: [3]RESUM96!#REF!
Name \eliminar: [3]RESUM96!#REF!
Name \eliminar1: [3]RESUM96!#REF!
Name \eliminar1: [3]RESUM96!#REF!
Name \eliminar1: [3]RESUM96!#REF!
Name \G: #REF!
Name \i: [4]INSUMOS!#REF!
Name \i: [4]INSUMOS!#REF!
Name \i: [4]INSUMOS!#REF!
Name \k: '[5]7422CW00'!#REF!
Name \l: [6]STRSUMM0!#REF!
Name \m: [4]INSUMOS!#REF!
Name \m: [4]INSUMOS!#REF!
Name \m: [4]INSUMOS!#REF!
Name \m: [4]INSUMOS!#REF!
Name \M: #REF!
Name \ñ: '[7]7422CW00'!#REF!
Name \P: #REF!
Name \q: #REF!
Name \q: #REF!
Name \q: #REF!
Name \r: [4]INSUMOS!#REF!
Name \r: [4]INSUMOS!#REF!
Name \r: [4]INSUMOS!#REF!
Name \r: [4]INSUMOS!#REF!
Name \R: #REF!
Name \s: #REF!

Sheet PRESUPUESTO
C3: Formulario 1 - Propuesta económica - Documento tipo de licitación de obra pública de agua potable y saneamiento básico
C4: Código | D4: CCE-EICP-FM-47 | E4: Versión | F4: 1
C5: FORMULARIO 1
C6: PRESUPUESTO OFICIAL OPTIMIZACIÓN DE UN TRAMO DEL COLECTOR DE LA RED DE ALCANTARILLADO SANITARIO UBICADO ENTRE EL BARRIO LA SALLE Y LA PARTE ALTA DE LA VEREDA GUASIMO SECTOR EL TABLÓN DEL MUNICIPIO DE MÁLAGA, SANTANDER
C7: [La entidad puede utilizar este formulario de detalle del presupuesto oficial para determinar las condiciones bajo las cuales los proponentes analizarán y presentarán su propuesta económica de forma detallada, sin perjuicio que la entidad pueda modificarlo o establecer la presentación de la oferta económica con un formulario distinto al indicado.]
C9: Adicionalmente, cuando el proceso de contratación es estructurado por precios unitarios, la Entidad debe aplicar las notas 1, 2 y 3 del presente formulario y las casillas de "Descripción", "Porcentaje" de la Administración, Imprevisto, Utilidad y total A.I.U. resaltadas en color amarillo. Tratándose de otras modalidades de precio, la Entidad puede o no configurar los mismos aspectos.
C11: Nº | D11: ÍTEM DE PAGO | E11: ESPECIFICACIONES | G11: DESCRIPCIÓN | H11: UND. | I11: CANTIDAD | J11: VALOR UNITARIO | K11: VALOR TOTAL
E12: GENERAL | F12: PARTICULAR
D13: 1 | G13: PRELIMINARES
D14: 1.1 | G14: LOCALIZACIÓN Y REPLANTEO (RED DE TUBERÍA ALCANTARILLADO SANITARIO, PLUVIAL Y ACUEDUCTO). | H14: m2 | I14: =+'memoria de cantidades'!O21 -> 630.83 | J14: =+'1.1'!O69 -> 6057 | K14: =ROUND(J14*I14,0) -> 3820937
D15: 1.2 | G15: CERRAMIENTO PERIMETRAL EN TELA VERDE ALTURA 2 METROS (INCLUYE PARALES EN MADERA) | H15: ml | I15: =+'memoria de cantidades'!O40 -> 250 | J15: =+'1.2'!O70 -> 22785 | K15: =ROUND(J15*I15,0) -> 5696250
C16: Subtotal | K16: =ROUND(SUM(K14:K15),0) -> 9517187
D17: 2 | G17: RED PRINCIPAL - ALCANTARILLADO SANITARIO
D18: 2.1 | G18: EXCAVACIÓN MECÁNICA VARIAS SIN CLASIFICAR (INCLUYE TRASIEGO INTERNO E ENTIBADOS) | H18: m3 | I18: =+'memoria de cantidades'!O110 -> 949.93 | J18: =+'2.1'!O70 -> 30669 | K18: =ROUND(J18*I18,0) -> 29133403
D19: 2.2 | G19: EXCAVACIÓN MECÁNICA EN ROCA | H19: m3 | I19: =+'memoria de cantidades'!O153 -> 212.88 | J19: =+'2.2'!O70 -> 102253 | K19: =ROUND(J19*I19,0) -> 21767619
D20: 2.3 | G20: SUMINISTRO E INSTALACIÓN DE TUBERÍA PVC SANITARIA CORRUGADA Ø 14PULG-350mm X6m PARA CÁMARAS DE CAÍDA | H20: ml | I20: =+'memoria de cantidades'!O195 -> 24 | J20: =+'2.3'!O70 -> 224481 | K20: =ROUND(J20*I20,0) -> 5387544
D21: 2.4 | G21: SUMINISTRO E INSTALACIÓN DE TUBERÍA PVC SANITARIA CORRUGADA Ø 24PULG-600mm X6m | H21: ml | I21: =+'memoria de cantidades'!O255 -> 465.75 | J21: =+'2.4'!O70 -> 589276 | K21: =ROUND(J21*I21,0) -> 274455297
D22: 2.5 | G22: CONSTRUCCIÓN DE POZOS ALCANTARILLADO SEGÚN PLANOS Y ESPECIFICACIONES. CON ALTURA 1<H<2 M, MUROS EN LADRILLO TOLETE COMÚN CON PAÑETE 1:3, PLACA DE FONDO Y CORONA DE 20 CM DE ESPESOR REFORZADA EN ACERO N°4, CAÑUELA EN CONCRETO, INCLUYE ESCALONES EN BARRAS N°8 DE ACERO CORRUGADO PINTADAS CON ANTICORROSIVO. (DIÁMETRO INTERNO 1.5 M) | H22: und | I22: =+'memoria de cantidades'!N341 -> 7 | J22: =+'2.5'!O71 -> 4555894 | K22: =ROUND(J22*I22,0) -> 31891258
D23: 2.6 | G23: CONSTRUCCIÓN DE POZOS ALCANTARILLADO SEGÚN PLANOS Y ESPECIFICACIONES. CON ALTURA 2<H<3 M, MUROS EN LADRILLO TOLETE COMÚN CON PAÑETE 1:3, PLACA DE FONDO Y CORONA DE 20 CM DE ESPESOR REFORZADA EN ACERO N°4, CAÑUELA EN CONCRETO, INCLUYE ESCALONES EN BARRAS N°8 DE ACERO CORRUGADO PINTADAS CON ANTICORROSIVO. (DIÁMETRO INTERNO 1.50 METROS) | H23: und | I23: =+'memoria de cantidades'!N342 -> 7 | J23: =+'2.6'!O71 -> 5208550 | K23: =ROUND(J23*I23,0) -> 36459850
D24: 2.7 | G24: SUMINISTRO, INSTALACIÓN Y COMPACTACIÓN DE RELLENO EN RECEBO TAMAÑO MÁXIMO 1" PARA ATRAQUES DE TUBERÍA | H24: m3 | I24: =+'memoria de cantidades'!O413 -> 147.01 | J24: =+'2.7'!O71 -> 145525 | K24: =ROUND(J24*I24,0) -> 21393630
D25: 2.8 | G25: INSTALACIÓN Y COMPACTACIÓN DE RELLENO CON MATERIAL PROVENIENTE DE LA EXCAVACIÓN | H25: m3 | I25: =+'memoria de cantidades'!O457 -> 880.40236 | J25: =+'2.8'!O71 -> 27267 | K25: =ROUND(J25*I25,0) -> 24005931
D26: 2.9 | G26: SUMINISTRO, INSTALACIÓN Y COMPACTACIÓN DE BASE EN ARENA PARA TUBERÍA E:8CM | H26: m3 | I26: =+'memoria de cantidades'!O499 -> 33.53 | J26: =+'2.9'!O71 -> 128667 | K26: =ROUND(J26*I26,0) -> 4314205
D27: 2.10 | G27: SUMINISTRO E INSTALACIÓN DE MARCOS DE AROS Y TAPAS EN HIERRO FUNDIDO Y NÚCLEO EN CONCRETO PARA POZOS DE INSPECCIÓN. DIÁMETRO 67 CM | H27: und | I27: =+I22+I23 -> 14 | J27: =+'2.10'!O71 -> 753270 | K27: =ROUND(J27*I27,0) -> 10545780
D28: 2.11 | G28: CONSTRUCCIÓN DE ATRAQUES EN CONCRETO 2000 PSI PARA TUBERÍA | H28: m3 | I28: =+'memoria de cantidades'!O520 -> 3.46 | J28: =+'2.11'!O71 -> 678039 | K28: =ROUND(J28*I28,0) -> 2346015
C29: Subtotal | K29: =ROUND(SUM(K18:K28),0) -> 461700532
D30: 3 | G30: DOMICILIARIAS - ALCANTARILLADO SANITARIO
D31: 3.1 | G31: EXCAVACIÓN MANUAL EN MATERIAL COMÚN PARA INSTALACIÓN DE TUBERÍA DOMICILIARIAS | H31: m3 | I31: =+'memoria de cantidades'!O542 -> 50.4 | J31: =+'3.1'!O70 -> 59106 | K31: =ROUND(J31*I31,0) -> 2978942
D32: 3.2 | G32: SUMINISTRO E INSTALACIÓN DE TUBERÍA PVC CORRUGADA SANITARIA Ø 6 PULG-160mm X 6 m | H32: ml | I32: =+'memoria de cantidades'!O562 -> 84 | J32: =+'3.2'!O70 -> 70097 | K32: =ROUND(J32*I32,0) -> 5888148
D33: 3.3 | G33: CONSTRUCCIÓN DE CAJAS DOMICILIARIAS 80X80X80 CM INCLUYE TAPA EN CONCRETO | H33: und | I33: =+'memoria de cantidades'!O613 -> 7 | J33: =+'3.3'!O71 -> 437473 | K33: =ROUND(J33*I33,0) -> 3062311
D34: 3.4 | G34: SUMINISTRO, INSTALACIÓN Y COMPACTACIÓN DE RELLENO EN RECEBO TAMAÑO MÁXIMO 1". | H34: m3 | I34: =+'memoria de cantidades'!O630 -> 50.4 | J34: =+'3.4'!O71 -> 145525 | K34: =ROUND(J34*I34,0) -> 7334460
C35: Subtotal | K35: =ROUND(SUM(K31:K34),0) -> 19263861
C36: SUBTOTAL OBRAS | K36: =ROUND(K35+K29+K16,0) -> 490481580
G38: SUBTOTAL OBRAS (INCLUYE IVA) N/A | K38: 0
G39: VALOR TOTAL | K39: =+K36 -> 490481580
C42: NOTA 1: Se debe tener en cuenta que el PRECIO UNITARIO incluye el valor de A.I.U. | H42: DESCRIPCION | K42: PORCENTAJE
C43: NOTA 2: Cuando la fracción decimal del peso sea igual o superior a 5 se aproximará por exceso al número entero siguiente del peso y cuando la fracción decimal del peso sea inferior a 5 se aproximará por defecto al número entero del peso. | H43: ADMINISTRACIÓN | J43: A= | K43: 0.29
C44: NOTA 3: El A.I.U y su discriminación deben estar en porcentaje (%). | H44: IMPREVISTO | J44: I= | K44: 0.01
H45: UTILIDAD | J45: U= | K45: 0.05
H46: TOTAL A.I.U | J46: A.I.U.= | K46: =SUM(K43:K45) -> 0.35

Sheet memoria de cantidades
A1: MEMORIA DE CANTIDADES
A4: Item | C4: =+'[211]PRESUPUESTO OBRA'!D11 -> PRELIMINARES
A6: Item | C6: =+'[211]PRESUPUESTO H-4 METROS'!C12 -> 1.1
A8: Descripción | C8: =+'[211]PRESUPUESTO H-4 METROS'!D12 -> LOCALIZACIÓN Y REPLANTEO
A10: Unidad | C10: =+'[211]PRESUPUESTO H-4 METROS'!E12 -> m2
A12: N° | B12: Descripción | J12: Largo (m) | K12: Altura (m) | L12: Ancho (m) | M12: área (m2) | N12: Cantidad Estructuras | O12: Total (M2)
A14: 1 | J14: =+O255+1.5*'[212]PRESUPUESTO OBRA'!F26 -> 485.25 | L14: 1.3 | M14: =+L14*J14 -> 630.825 | N14: 1 | O14: =+N14*M14 -> 630.825
M21: Total | O21: =ROUND((SUM(O14:O20)),2) -> 630.83
A24: MEMORIA DE CANTIDADES
A27: Item | C27: =+'[212]PRESUPUESTO OBRA'!C13 -> 1.2
A29: Descripción | C29: =+'[212]PRESUPUESTO OBRA'!D13 -> CERRAMIENTO PERIMETRAL EN TELA VERDE ALTURA 2 METROS (INCLUYE PARALES EN MADERA)
A31: Unidad | C31: =+'[212]PRESUPUESTO OBRA'!E13 -> ML
A34: N° | B34: Descripción | J34: Largo (m) | K34: Altura (m) | L34: Ancho (m) | M34: área (m2) | N34: Cantidad Estructuras | O34: Total (ML)
A36: 1 | B36: =+C29 -> CERRAMIENTO PERIMETRAL EN TELA VERDE ALTURA 2 METROS (INCLUYE PARALES EN MADERA) | J36: 125 | L36: 1 | M36: =+L36*J36 -> 125 | N36: 2 | O36: =+N36*M36 -> 250
M40: Total | O40: =ROUND((SUM(O36:O39)),2) -> 250
A45: CANTIDADES DE OBRA ALCANTARILLADO SANITARIO
A46: MEMORIA DE CANTIDADES
A49: Item | C49: =+'[212]PRESUPUESTO OBRA'!C16 -> 2.1
A51: Descripción | C51: =+'[212]PRESUPUESTO OBRA'!D16 -> EXCAVACIÓN MECÁNICA VARIAS SIN CLASIFICAR (INCLUYE TRASIEGO INTERNO E ENTIBADOS)
A53: Unidad | C53: M3
S56: lng | T56: h
R57: Pz1-Pz2 | S57: 53 | T57: =+(1.76+1.46+2.08)/3 -> 1.7666667
R58: Pz2-Pz3 | S58: 52.44 | T58: =+(1.93+2.73+2.02)/3 -> 2.2266667
R59: Pz3-Pz4 | S59: 26.15 | T59: =+(1.93+2.73+2.02)/3 -> 2.2266667
R60: Pz4-Pz5 | S60: 14.68 | T60: =+(1.86+1.74+2.14)/3 -> 1.9133333
R61: Pz5-Pz6 | S61: 12.86 | T61: =+(1.72+1.39+1.11)/3 -> 1.4066667
R62: Pz6-Pz7 | S62: 15.54 | T62: =+(2.29+1.95+1.52)/3 -> 1.92
R63: Pz7-Pz8 | S63: 18.61 | T63: =+(1.65+1.2+2.07)/3 -> 1.64
R64: Pz8-Pz9 | S64: 28.12 | T64: =+(1.82+3.66+1.54)/3 -> 2.34
R65: Pz9-Pz10 | S65: 22.75 | T65: =+(1.56+1.56+1.71)/3 -> 1.61
R66: Pz10-Pz11 | S66: 51.65 | T66: =+(2.33+1.75+2.05)/3 -> 2.0433333
R67: Pz11-Pz12 | S67: 33.15 | T67: =+(2.12+3.62+1.54)/3 -> 2.4266667
R68: Pz12-Pz13 | S68: 31.57 | T68: =+(1.81+1.92+2.11)/3 -> 1.9466667
R69: Pz13-Pz14 | S69: 57.99 | T69: =+(1.76+1.27+0.66+2.03+2.56)/5 -> 1.656
R70: Pz14-Pz15 | S70: 26.68 | T70: =+(2.42+1.58+1.68)/3 -> 1.8933333
R71: Pz15-Pz16 | S71: 19.52 | T71: =+(2.37+4.56+1.67)/3 -> 2.8666667
R72: Pz16-Pz17 | S72: 18.09 | T72: =+(2.26+1.08+1.47)/3 -> 1.6033333
R73: Pz17-Pz18 | S73: 17.51 | T73: =+(2.02+1.59+1.38)/3 -> 1.6633333
R74: Pz18-Pz19 | S74: 18.26 | T74: =+(2.57+2.63+1.42)/3 -> 2.2066667
R75: Pz19-Pz20 | S75: 24.24 | T75: =+(1.81+1.8+1.57)/3 -> 1.7266667
R76: Pz20-Pz21 | S76: 53.99 | T76: =+(1.67+2.12+3.08+1.39)/4 -> 2.065
R77: Pz21-Pz22 | S77: 56.54 | T77: =+(1.8+1.56+1.57)/3 -> 1.6433333
R78: Pz22-Pz23 | S78: 56.56 | T78: =+(1.84+1.42+1.52)/3 -> 1.5933333
A80: N° | B80: Descripción | I80: Ancho (m) | J80: Largo (m) | K80: Altura (m) | L80: AREA (m2) | M80: volumen (m3) | N80: Cantidad Estructuras | O80: Total (m3) | R80: Excavación cama de arena | T80: 0.08
A82: 1 | B82: =+R57 -> Pz1-Pz2 | I82: 0 | J82: =+S57 -> 53 | K82: =+T57+$T$80 -> 1.8466667 | M82: =+J82*K82*I82 -> 0 | N82: 1 | O82: =+N82*M82 -> 0
B83: =+R58 -> Pz2-Pz3 | I83: 0 | J83: =+S58 -> 52.44 | K83: =+T58+$T$80 -> 2.3066667 | M83: =+J83*K83*I83 -> 0 | N83: 1 | O83: =+N83*M83 -> 0
B84: =+R59 -> Pz3-Pz4 | I84: 0 | J84: =+S59 -> 26.15 | K84: =+T59+$T$80 -> 2.3066667 | M84: =+J84*K84*I84 -> 0 | N84: 1 | O84: =+N84*M84 -> 0
B85: =+R60 -> Pz4-Pz5 | I85: 0 | J85: =+S60 -> 14.68 | K85: =+T60+$T$80 -> 1.9933333 | M85: =+J85*K85*I85 -> 0 | N85: 1 | O85: =+N85*M85 -> 0
B86: =+R61 -> Pz5-Pz6 | I86: 0 | J86: =+S61 -> 12.86 | K86: =+T61+$T$80 -> 1.4866667 | M86: =+J86*K86*I86 -> 0 | N86: 1 | O86: =+N86*M86 -> 0
B87: =+R62 -> Pz6-Pz7 | I87: 0 | J87: =+S62 -> 15.54 | K87: =+T62+$T$80 -> 2 | M87: =+J87*K87*I87 -> 0 | N87: 1 | O87: =+N87*M87 -> 0
B88: =+R63 -> Pz7-Pz8 | I88: 0 | J88: =+S63 -> 18.61 | K88: =+T63+$T$80 -> 1.72 | M88: =+J88*K88*I88 -> 0 | N88: 1 | O88: =+N88*M88 -> 0
B89: =+R64 -> Pz8-Pz9 | I89: 0 | J89: =+S64 -> 28.12 | K89: =+T64+$T$80 -> 2.42 | M89: =+J89*K89*I89 -> 0 | N89: 1 | O89: =+N89*M89 -> 0
B90: =+R65 -> Pz9-Pz10 | I90: 0 | J90: =+S65 -> 22.75 | K90: =+T65+$T$80 -> 1.69 | M90: =+J90*K90*I90 -> 0 | N90: 1 | O90: =+N90*M90 -> 0
B91: =+R66 -> Pz10-Pz11 | I91: 0.9 | J91: =+S66 -> 51.65 | K91: =+T66+$T$80 -> 2.1233333 | M91: =+J91*K91*I91 -> 98.70315 | N91: 1 | O91: =+N91*M91 -> 98.70315
B92: =+R67 -> Pz11-Pz12 | I92: 0.9 | J92: =+S67 -> 33.15 | K92: =+T67+$T$80 -> 2.5066667 | M92: =+J92*K92*I92 -> 74.7864 | N92: 1 | O92: =+N92*M92 -> 74.7864
B93: =+R68 -> Pz12-Pz13 | I93: 0.9 | J93: =+S68 -> 31.57 | K93: =+T68+$T$80 -> 2.0266667 | M93: =+J93*K93*I93 -> 57.58368 | N93: 1 | O93: =+N93*M93 -> 57.58368
B94: =+R69 -> Pz13-Pz14 | I94: 0.9 | J94: =+S69 -> 57.99 | K94: =+T69+$T$80 -> 1.736 | M94: =+J94*K94*I94 -> 90.603576 | N94: 1 | O94: =+N94*M94 -> 90.603576
... B103: =+R78 -> Pz22-Pz23 | I103: 0.9 | J103: =+S78 -> 56.56 | K103: =+T78+$T$80 -> 1.6733333 | M103: =+J103*K103*I103 -> 85.17936 | N103: 1 | O103: =+N103*M103 -> 85.17936
B104: Excavación para pozos de inspección h: 2 metros | K104: 2 | L104: =+PI()*POWER(2,2) -> 12.566371 | M104: =+L104*K104 -> 25.132741 | N104: 4 | O104: =+N104*M104 -> 100.53096
B105: Excavación para pozos de inspección h: 2,5 metros | K105: 2.5 | L105: =+PI()*POWER(2,2) -> 12.566371 | M105: =+L105*K105 -> 31.415927 | N105: 5 | O105: =+N105*M105 -> 157.07963
B106: Excavación para pozos de inspección h: 2,5 metros | K106: 3 | L106: =+PI()*POWER(2,2) -> 12.566371 | M106: =+L106*K106 -> 37.699112 | N106: 2 | O106: =+N106*M106 -> 75.398224
B109: DESCUENTO EXCAVACIÓN EN ROCA | O109: =-(+O153) -> -212.88
M110: Total | O110: =ROUND(SUM(O82:O109),2) -> 949.93 | Q110: =+SQRT(POWER(53.82,2)+POWER(4.41,2)) -> 54.000375
A112: MEMORIA DE CANTIDADES
A115: Item | C115: =+'[212]PRESUPUESTO OBRA'!C17 -> 2.2
A117: Descripción | C117: =+'[212]PRESUPUESTO OBRA'!D17 -> EXCAVACIÓN MECÁNICA EN ROCA
A119: Unidad | C119: =+'[212]PRESUPUESTO OBRA'!E17 -> M3
A146: N° | B146: Descripción | I146: Ancho (m) | J146: Largo (m) | K146: Altura (m) | L146: AREA (m2) | M146: volumen (m3) | N146: Cantidad Estructuras | O146: Total (m3)
A148: 1 | B148: Excavacón en roca | I148: 0.9 | J148: =+J90+J91+J92+J93+J94 -> 197.11 | K148: 1.2 | M148: =+J148*K148*I148 -> 212.8788 | N148: 1 | O148: =+N148*M148 -> 212.8788
M153: Total | O153: =ROUND(SUM(O148:O152),2) -> 212.88
A158: MEMORIA DE CANTIDADES
A161: Item | C161: =+'[212]PRESUPUESTO OBRA'!C18 -> 2.3
A163: Descripción | C163: =+'[212]PRESUPUESTO OBRA'!D18 -> SUMINISTRO E INSTALACIÓN DE TUBERÍA PVC SANITARIA Ø 14pulg-350mm X6m PARA CAMARAS DE CAIDA.
A165: Unidad | C165: =+'[212]PRESUPUESTO OBRA'!E18 -> ML
S166: ladrillos
R174: perimetro | S174: =1.72*3.1416 -> 5.403552
R175: altura | S175: 1.5
R176: area | S176: =+S175*S174 -> 8.105328
R177: ladrillo
R178: alto | S178: 0.06
R179: ancho | S179: 0.12
R180: largo | S180: 0.26
R181: alto | S181: 0.06
R182: x2/m2 | S182: =1/((S179+0.0015)*(S178+0.015)) -> 109.73937
R183: Cantidad | S183: =+S182*S176*1.05 -> 933.94726
S184: CONCRETO
R185: PLACA PISO
R186: ESPESOR | S186: 0.2
R187: perimetro | S187: =1.36*3.1416 -> 4.272576
R188: DIAMETRO | S188: 1.72
R189: RADIO | S189: =+S188 -> 1.72
A190: N° | B190: Descripción | J190: Largo (m) | K190: Altura (m) | L190: Ancho (m) | M190: metros (ml) | N190: Cantidad Estructuras | O190: Total (ml) | R190: Area | S190: =+PI()*POWER(S189/4,2) -> 0.58088048
R191: VOLMEN | S191: =+S186*S190 -> 0.1161761
A193: 1 | B193: SUMINISTRO E INSTALACIÓN DE TUBERÍA PVC SANITARIA Ø 14pulg-250mm X6m - S8 | J193: 24 | N193: 1 | O193: =+N193*J193 -> 24
R194: ACERO
M195: Total | O195: =ROUND((SUM(O192:O193)),2) -> 24
A197: MEMORIA DE CANTIDADES
B200: Capítulo | C200: =+'[212]PRESUPUESTO OBRA'!D15 -> RED PRINCIPAL - ALCANTARILLADO SANITARIO
A202: Item | C202: =+'[212]PRESUPUESTO OBRA'!C19 -> 2.4
A204: Descripción | C204: =+'[212]PRESUPUESTO OBRA'!D19 -> SUMINISTRO E INSTALACIÓN DE TUBERÍA PVC SANITARIA Ø 24pulg-600mm X6m - S8 CORRUGADA
...

Sheet PROPUESTA ECONOMICA (Proponente
C3: Formulario 1 - Propuesta económica - Documento tipo de licitación de obra pública de agua potable y saneamiento básico
C4: Código | D4: CCE-EICP-FM-47 | E4: Versión | F4: 1
C5: FORMULARIO 1
C6: PROPUESTA ECONÓMICA
C7: [La entidad puede utilizar este formulario de presentación de propuesta económica de forma detallada, sin perjuicio que la entidad pueda modificarlo o establecer la presentación de la oferta económica con un formulario distinto al indicado.] [Los proponentes emplearán el formulario establecido por la entidad para determinar su propuesta económica conforme al Formulario 1 - Presupuesto Oficial publicado por la Entidad]
C9: Cuando el proceso de contratación es estructurado por precios unitarios, la Entidad debe aplicar las notas 1, 2 y 3 del presente formato y las casillas de "Descripción", "Porcentaje" de la Administración, Imprevisto, Utilidad y total A.I.U. resaltadas en color amarillo.
C11: Nº | D11: ÍTEM DE PAGO | E11: ESPECIFICACIONES | G11: DESCRIPCIÓN | H11: UND. | I11: CANTIDAD | J11: VALOR UNITARIO | K11: VALOR TOTAL
E12: GENERAL | F12: PARTICULAR
C15: Subtotal
C21: Subtotal
C31: Subtotal
C36: Subtotal
C39: Subtotal
C40: SUBTOTAL OBRAS
G45: SUBTOTAL OBRAS (INCLUYE IVA)
G49: VALOR TOTAL
C52: NOTA 1: Se debe tener en cuenta que el PRECIO UNITARIO incluye el valor de A.I.U. | H52: DESCRIPCIÓN | K52: PORCENTAJE
C53: NOTA 2: Cuando la fracción decimal del peso sea igual o superior a 5 se aproximara por exceso al número entero siguiente del peso y cuando la fracción decimal del peso sea inferior a 5 se aproximará por defecto al número entero del peso. | H53: ADMINISTRACIÓN | J53: A= | K53: [Ofrecimiento del Proponente]
C54: NOTA 3: El A.I.U y su discriminación deben estar en porcentaje (%). | H54: IMPREVISTO | J54: I= | K54: [Ofrecimiento del Proponente]
H55: UTILIDAD | J55: U= | K55: [Ofrecimiento del Proponente]
H56: TOTAL A.I.U | J56: A.I.U.= | K56: [Ofrecimiento del Proponente]
G59: Firma del Proponente o de su Representante Legal

Sheet FLUJO DE FONDOS
D1: ALCALDÍA DEL MUNICIPIO DE MÁLAGA
D2: OFICINA ASESORA DE PLANEACIÓN Y ORDENAMIENTO TERRITORIAL
D3: MÁLAGA - SANTANDER
B5: =+PRESUPUESTO!C6 -> PRESUPUESTO OFICIAL OPTIMIZACIÓN DE UN TRAMO DEL COLECTOR DE LA RED DE ALCANTARILLADO SANITARIO UBICADO ENTRE EL BARRIO LA SALLE Y LA PARTE ALTA DE LA VEREDA GUASIMO SECTOR EL TABLÓN DEL MUNICIPIO DE MÁLAGA, SANTANDER | E5: FLUJO DE FONDOS
E8: FECHA: | G8: 45924
B10: ITEM | C10: ESP. TECNICA | D10: DESCRIPCIÓN | E10: UN | F10: CANTIDAD | G10: VALOR UNITARIO | H10: VALOR TOTAL | J10: MES 1 | N10: MES 2
J12: SEMANAS | N12: SEMANAS
J13: 1 | K13: 2 | L13: 3 | M13: =+L13+1 -> 4 | N13: 5 | O13: 6
B14: ETAPA PRECONTRACTUAL
B15: 1 | C15: PRELIMINARES
B16: ='[213]PRESUPUESTO OFICIAL'!C17 -> 1.1 | D16: =+PRESUPUESTO!G14 -> LOCALIZACIÓN Y REPLANTEO (RED DE TUBERÍA ALCANTARILLADO SANITARIO, PLUVIAL Y ACUEDUCTO). | E16: =+PRESUPUESTO!H14 -> m2 | F16: =+PRESUPUESTO!I14 -> 630.83 | G16: =+PRESUPUESTO!J14 -> 6057 | H16: =ROUND(G16*F16,0) -> 3820937 | J16: =$H$16/5 -> 764187.4 | K16: =$H$16/5 -> 764187.4 | L16: =$H$16/5 -> 764187.4 | M16: =$H$16/5 -> 764187.4 | N16: =$H$16/5 -> 764187.4
B17: 1.2 | D17: =+PRESUPUESTO!G15 -> CERRAMIENTO PERIMETRAL EN TELA VERDE ALTURA 2 METROS (INCLUYE PARALES EN MADERA) | E17: =+PRESUPUESTO!H15 -> ml | F17: =+PRESUPUESTO!I15 -> 250 | G17: =+PRESUPUESTO!J15 -> 22785 | H17: =ROUND(G17*F17,0) -> 5696250 | J17: =+$H$17/6 -> 949375 | K17: =+$H$17/6 -> 949375 | L17: =+$H$17/6 -> 949375 | M17: =+$H$17/6 -> 949375 | N17: =+$H$17/6 -> 949375 | O17: =+$H$17/6 -> 949375
B18: 2 | C18: =+PRESUPUESTO!G17 -> RED PRINCIPAL - ALCANTARILLADO SANITARIO
B19: =+PRESUPUESTO!D18 -> 2.1 | D19: =+PRESUPUESTO!G18 -> EXCAVACIÓN MECÁNICA VARIAS SIN CLASIFICAR (INCLUYE TRASIEGO INTERNO E ENTIBADOS) | E19: =+PRESUPUESTO!H18 -> m3 | F19: =+PRESUPUESTO!I18 -> 949.93 | G19: =+PRESUPUESTO!J18 -> 30669 | H19: =ROUND(G19*F19,0) -> 29133403 | J19: =+$H$19/6 -> 4855567.2 | K19: =+$H$19/6 -> 4855567.2 | L19: =+$H$19/6 -> 4855567.2 | M19: =+$H$19/6 -> 4855567.2 | N19: =+$H$19/6 -> 4855567.2 | O19: =+$H$19/6 -> 4855567.2
B20: =+PRESUPUESTO!D19 -> 2.2 | D20: =+PRESUPUESTO!G19 -> EXCAVACIÓN MECÁNICA EN ROCA | E20: =+PRESUPUESTO!H19 -> m3 | F20: =+PRESUPUESTO!I19 -> 212.88 | G20: =+PRESUPUESTO!J19 -> 102253 | H20: =ROUND(G20*F20,0) -> 21767619 | K20: =+$H$20/3 -> 7255873 | L20: =+$H$20/3 -> 7255873 | M20: =+$H$20/3 -> 7255873
B21: =+PRESUPUESTO!D20 -> 2.3 | D21: =+PRESUPUESTO!G20 -> SUMINISTRO E INSTALACIÓN DE TUBERÍA PVC SANITARIA CORRUGADA Ø 14PULG-350mm X6m PARA CÁMARAS DE CAÍDA | E21: =+PRESUPUESTO!H20 -> ml | F21: =+PRESUPUESTO!I20 -> 24 | G21: =+PRESUPUESTO!J20 -> 224481 | H21: =ROUND(G21*F21,0) -> 5387544 | K21: =+$H$21/3 -> 1795848 | L21: =+$H$21/3 -> 1795848 | M21: =+$H$21/3 -> 1795848
B22: =+PRESUPUESTO!D21 -> 2.4 | D22: =+PRESUPUESTO!G21 -> SUMINISTRO E INSTALACIÓN DE TUBERÍA PVC SANITARIA CORRUGADA Ø 24PULG-600mm X6m | E22: =+PRESUPUESTO!H21 -> ml | F22: =+PRESUPUESTO!I21 -> 465.75 | G22: =+PRESUPUESTO!J21 -> 589276 | H22: =ROUND(G22*F22,0) -> 274455297 | J22: =$H$22/6 -> 45742550 | K22: =$H$22/6 -> 45742550 | L22: =$H$22/6 -> 45742550 | M22: =$H$22/6 -> 45742550 | N22: =$H$22/6 -> 45742550 | O22: =$H$22/6 -> 45742550
B23: =+PRESUPUESTO!D22 -> 2.5 | D23: =+PRESUPUESTO!G22 -> CONSTRUCCIÓN DE POZOS ALCANTARILLADO SEGÚN PLANOS Y ESPECIFICACIONES. CON ALTURA 1<H<2 M, MUROS EN LADRILLO TOLETE COMÚN CON PAÑETE 1:3, PLACA DE FONDO Y CORONA DE 20 CM DE ESPESOR REFORZADA EN ACERO N°4, CAÑUELA EN CONCRETO, INCLUYE ESCALONES EN BARRAS N°8 DE ACERO CORRUGADO PINTADAS CON ANTICORROSIVO. (DIÁMETRO INTERNO 1.5 M) | E23: =+PRESUPUESTO!H22 -> und | F23: =+PRESUPUESTO!I22 -> 7 | G23: =+PRESUPUESTO!J22 -> 4555894 | H23: =ROUND(G23*F23,0) -> 31891258 | J23: =$H$23/5 -> 6378251.6 | K23: =$H$23/5 -> 6378251.6 | L23: =$H$23/5 -> 6378251.6 | M23: =$H$23/5 -> 6378251.6 | N23: =$H$23/5 -> 6378251.6
B24: =+PRESUPUESTO!D23 -> 2.6 | D24: =+PRESUPUESTO!G23 -> CONSTRUCCIÓN DE POZOS ALCANTARILLADO SEGÚN PLANOS Y ESPECIFICACIONES. CON ALTURA 2<H<3 M, MUROS EN LADRILLO TOLETE COMÚN CON PAÑETE 1:3, PLACA DE FONDO Y CORONA DE 20 CM DE ESPESOR REFORZADA EN ACERO N°4, CAÑUELA EN CONCRETO, INCLUYE ESCALONES EN BARRAS N°8 DE ACERO CORRUGADO PINTADAS CON ANTICORROSIVO. (DIÁMETRO INTERNO 1.50 METROS) | E24: =+PRESUPUESTO!H23 -> und | F24: =+PRESUPUESTO!I23 -> 7 | G24: =+PRESUPUESTO!J23 -> 5208550 | H24: =ROUND(G24*F24,0) -> 36459850 | K24: =$H$24/5 -> 7291970 | L24: =$H$24/5 -> 7291970 | M24: =$H$24/5 -> 7291970 | N24: =$H$24/5 -> 7291970 | O24: =$H$24/5 -> 7291970
B25: =+PRESUPUESTO!D24 -> 2.7 | D25: =+PRESUPUESTO!G24 -> SUMINISTRO, INSTALACIÓN Y COMPACTACIÓN DE RELLENO EN RECEBO TAMAÑO MÁXIMO 1" PARA ATRAQUES DE TUBERÍA | E25: =+PRESUPUESTO!H24 -> m3 | F25: =+PRESUPUESTO!I24 -> 147.01 | G25: =+PRESUPUESTO!J24 -> 145525 | H25: =ROUND(G25*F25,0) -> 21393630 | N25: =H25 -> 21393630
B26: =+PRESUPUESTO!D25 -> 2.8 | D26: =+PRESUPUESTO!G25 -> INSTALACIÓN Y COMPACTACIÓN DE RELLENO CON MATERIAL PROVENIENTE DE LA EXCAVACIÓN | E26: =+PRESUPUESTO!H25 -> m3 | F26: =+PRESUPUESTO!I25 -> 880.40236 | G26: =+PRESUPUESTO!J25 -> 27267 | H26: =ROUND(G26*F26,0) -> 24005931 | J26: =+$H$26/6 -> 4000988.5 | K26: =+$H$26/6 -> 4000988.5 | L26: =+$H$26/6 -> 4000988.5 | M26: =+$H$26/6 -> 4000988.5 | N26: =+$H$26/6 -> 4000988.5 | O26: =+$H$26/6 -> 4000988.5
B27: =+PRESUPUESTO!D26 -> 2.9 | D27: =+PRESUPUESTO!G26 -> SUMINISTRO, INSTALACIÓN Y COMPACTACIÓN DE BASE EN ARENA PARA TUBERÍA E:8CM | E27: =+PRESUPUESTO!H26 -> m3 | F27: =+PRESUPUESTO!I26 -> 33.53 | G27: =+PRESUPUESTO!J26 -> 128667 | H27: =ROUND(G27*F27,0) -> 4314205 | J27: =+$H$27/5 -> 862841 | K27: =+$H$27/5 -> 862841 | L27: =+$H$27/5 -> 862841 | M27: =+$H$27/5 -> 862841 | N27: =+$H$27/5 -> 862841
B28: =+PRESUPUESTO!D27 -> 2.10 | D28: =+PRESUPUESTO!G27 -> SUMINISTRO E INSTALACIÓN DE MARCOS DE AROS Y TAPAS EN HIERRO FUNDIDO Y NÚCLEO EN CONCRETO PARA POZOS DE INSPECCIÓN. DIÁMETRO 67 CM | E28: =+PRESUPUESTO!H27 -> und | F28: =+PRESUPUESTO!I27 -> 14 | G28: =+PRESUPUESTO!J27 -> 753270 | H28: =ROUND(G28*F28,0) -> 10545780 | L28: =+$H$28/4 -> 2636445 | M28: =+$H$28/4 -> 2636445 | N28: =+$H$28/4 -> 2636445 | O28: =+$H$28/4 -> 2636445
B29: =+PRESUPUESTO!D28 -> 2.11 | D29: =+PRESUPUESTO!G28 -> CONSTRUCCIÓN DE ATRAQUES EN CONCRETO 2000 PSI PARA TUBERÍA | E29: =+PRESUPUESTO!H28 -> m3 | F29: =+PRESUPUESTO!I28 -> 3.46 | G29: =+PRESUPUESTO!J28 -> 678039 | H29: =ROUND(G29*F29,0) -> 2346015 | K29: =+$H$29/5 -> 469203 | L29: =+$H$29/5 -> 469203 | M29: =+$H$29/5 -> 469203 | N29: =+$H$29/5 -> 469203 | O29: =+$H$29/5 -> 469203
B32: 3 | C32: =+PRESUPUESTO!G30 -> DOMICILIARIAS - ALCANTARILLADO SANITARIO
B33: ='[213]PRESUPUESTO OFICIAL'!C31 -> 3.1 | D33: =+PRESUPUESTO!G31 -> EXCAVACIÓN MANUAL EN MATERIAL COMÚN PARA INSTALACIÓN DE TUBERÍA DOMICILIARIAS | E33: =+PRESUPUESTO!H31 -> m3 | F33: =+PRESUPUESTO!I31 -> 50.4 | G33: =+PRESUPUESTO!J31 -> 59106 | H33: =ROUND(G33*F33,0) -> 2978942 | L33: =+$H$33/3 -> 992980.67 | M33: =+$H$33/3 -> 992980.67 | N33: =+$H$33/3 -> 992980.67
B34: ='[213]PRESUPUESTO OFICIAL'!C32 -> 3.2 | D34: =+PRESUPUESTO!G32 -> SUMINISTRO E INSTALACIÓN DE TUBERÍA PVC CORRUGADA SANITARIA Ø 6 PULG-160mm X 6 m | E34: =+PRESUPUESTO!H32 -> ml | F34: =+PRESUPUESTO!I32 -> 84 | G34: =+PRESUPUESTO!J32 -> 70097 | H34: =ROUND(G34*F34,0) -> 5888148 | L34: =+$H$34/3 -> 1962716 | M34: =+$H$34/3 -> 1962716 | N34: =+$H$34/3 -> 1962716
B35: ='[213]PRESUPUESTO OFICIAL'!C33 -> 3.3 | D35: =+PRESUPUESTO!G33 -> CONSTRUCCIÓN DE CAJAS DOMICILIARIAS 80X80X80 CM INCLUYE TAPA EN CONCRETO | E35: =+PRESUPUESTO!H33 -> und | F35: =+PRESUPUESTO!I33 -> 7 | G35: =+PRESUPUESTO!J33 -> 437473 | H35: =ROUND(G35*F35,0) -> 3062311 | L35: =+$H$35/3 -> 1020770.3 | M35: =+$H$35/3 -> 1020770.3 | N35: =+$H$35/3 -> 1020770.3
B36: ='[213]PRESUPUESTO OFICIAL'!C34 -> 3.4 | D36: =+PRESUPUESTO!G34 -> SUMINISTRO, INSTALACIÓN Y COMPACTACIÓN DE RELLENO EN RECEBO TAMAÑO MÁXIMO 1". | E36: =+PRESUPUESTO!H34 -> m3 | F36: =+PRESUPUESTO!I34 -> 50.4 | G36: =+PRESUPUESTO!J34 -> 145525 | H36: =ROUND(G36*F36,0) -> 7334460 | M36: =+$H$36/3 -> 2444820 | N36: =+$H$36/3 -> 2444820 | O36: =2444819+2 -> 2444821
E39: COSTO DIRECTO | H39: =ROUND(SUM(H16:H36),0) -> 490481580 | J39: =ROUND(SUM(J16:J36),0) -> 63553760 | K39: =ROUND(SUM(K16:K36),0) -> 80366654 | L39: =ROUND(SUM(L16:L36),0) -> 86979566 | M39: =ROUND(SUM(M16:M36),0) -> 89424386 | N39: =ROUND(SUM(N16:N36),0) -> 101766295 | O39: =ROUND(SUM(O16:O36),0) -> 68390919
E40: AVANCE SEMANAL | H40: % | J40: =SUM(J39:J39)/(SUM($H$39:$H$39)) -> 0.1295742 | K40: =SUM(K39:K39)/(SUM($H$39:$H$39)) -> 0.16385254 | L40: =SUM(L39:L39)/(SUM($H$39:$H$39)) -> 0.17733503 | M40: =SUM(M39:M39)/(SUM($H$39:$H$39)) -> 0.18231956 | N40: =SUM(N39:N39)/(SUM($H$39:$H$39)) -> 0.2074824 | O40: =SUM(O39:O39)/(SUM($H$39:$H$39)) -> 0.13943626
E41: VALOR TOTAL DE LA OBRA | H41: =+H39 -> 490481580 | J41: =SUM(J39:J39) -> 63553760 | K41: =SUM(K39:K39)+J41 -> 143920414 | L41: =SUM(L39:L39)+K41 -> 230899980 | M41: =SUM(M39:M39)+L41 -> 320324366 | N41: =SUM(N39:N39)+M41 -> 422090661 | O41: =SUM(O39:O39)+N41 -> 490481580 | P41: =+O41-H41 -> 0
E42: AVANCE SEMANAL ACUMULADO | H42: % | J42: =+J41/$H$41 -> 0.1295742 | K42: =+J42+K40 -> 0.29342675 | L42: =+K42+L40 -> 0.47076178 | M42: =+L42+M40 -> 0.65308134 | N42: =+M42+N40 -> 0.86056374 | O42: =+N42+O40 -> 1

Sheet CRONOGRAMA
D1: ALCALDÍA DEL MUNICIPIO DE MÁLAGA
D2: OFICINA ASESORA DE PLANEACIÓN Y ORDENAMIENTO TERRITORIAL
D3: MÁLAGA - SANTANDER
B5: =+PRESUPUESTO!C6 -> PRESUPUESTO OFICIAL OPTIMIZACIÓN DE UN TRAMO DEL COLECTOR DE LA RED DE ALCANTARILLADO SANITARIO UBICADO ENTRE EL BARRIO LA SALLE Y LA PARTE ALTA DE LA VEREDA GUASIMO SECTOR EL TABLÓN DEL MUNICIPIO DE MÁLAGA, SANTANDER | E5: CRONOGRAMA
E8: FECHA: 21/09/2025 | G8: 45921
B10: ITEM | C10: ESP. TECNICA | D10: DESCRIPCIÓN | E10: UN | F10: CANTIDAD | G10: VALOR UNITARIO | H10: VALOR TOTAL | J10: MES 1 | N10: MES 2
J12: SEMANAS | N12: SEMANAS
J13: 1 | K13: 2 | L13: 3 | M13: =+L13+1 -> 4 | N13: 5 | O13: 6
B14: ETAPA PRECONTRACTUAL
B15: 1 | C15: PRELIMINARES
B16: ='[213]PRESUPUESTO OFICIAL'!C17 -> 1.1 | D16: =+PRESUPUESTO!G14 -> LOCALIZACIÓN Y REPLANTEO (RED DE TUBERÍA ALCANTARILLADO SANITARIO, PLUVIAL Y ACUEDUCTO). | E16: =+PRESUPUESTO!H14 -> m2 | F16: =+PRESUPUESTO!I14 -> 630.83 | G16: =+PRESUPUESTO!J14 -> 6057 | H16: =ROUND(G16*F16,0) -> 3820937
B17: 1.2 | D17: =+PRESUPUESTO!G15 -> CERRAMIENTO PERIMETRAL EN TELA VERDE ALTURA 2 METROS (INCLUYE PARALES EN MADERA) | E17: =+PRESUPUESTO!H15 -> ml | F17: =+PRESUPUESTO!I15 -> 250 | G17: =+PRESUPUESTO!J15 -> 22785 | H17: =ROUND(G17*F17,0) -> 5696250
B18: 2 | C18: =+PRESUPUESTO!G17 -> RED PRINCIPAL - ALCANTARILLADO SANITARIO
B19: =+PRESUPUESTO!D18 -> 2.1 | D19: =+PRESUPUESTO!G18 -> EXCAVACIÓN MECÁNICA VARIAS SIN CLASIFICAR (INCLUYE TRASIEGO INTERNO E ENTIBADOS) | E19: =+PRESUPUESTO!H18 -> m3 | F19: =+PRESUPUESTO!I18 -> 949.93 | G19: =+PRESUPUESTO!J18 -> 30669 | H19: =ROUND(G19*F19,0) -> 29133403
B20: =+PRESUPUESTO!D19 -> 2.2 | D20: =+PRESUPUESTO!G19 -> EXCAVACIÓN MECÁNICA EN ROCA | E20: =+PRESUPUESTO!H19 -> m3 | F20: =+PRESUPUESTO!I19 -> 212.88 | G20: =+PRESUPUESTO!J19 -> 102253 | H20: =ROUND(G20*F20,0) -> 21767619
B21: =+PRESUPUESTO!D20 -> 2.3 | D21: =+PRESUPUESTO!G20 -> SUMINISTRO E INSTALACIÓN DE TUBERÍA PVC SANITARIA CORRUGADA Ø 14PULG-350mm X6m PARA CÁMARAS DE CAÍDA | E21: =+PRESUPUESTO!H20 -> ml | F21: =+PRESUPUESTO!I20 -> 24 | G21: =+PRESUPUESTO!J20 -> 224481 | H21: =ROUND(G21*F21,0) -> 5387544
B22: =+PRESUPUESTO!D21 -> 2.4 | D22: =+PRESUPUESTO!G21 -> SUMINISTRO E INSTALACIÓN DE TUBERÍA PVC SANITARIA CORRUGADA Ø 24PULG-600mm X6m | E22: =+PRESUPUESTO!H21 -> ml | F22: =+PRESUPUESTO!I21 -> 465.75 | G22: =+PRESUPUESTO!J21 -> 589276 | H22: =ROUND(G22*F22,0) -> 274455297
B23: =+PRESUPUESTO!D22 -> 2.5 | D23: =+PRESUPUESTO!G22 -> CONSTRUCCIÓN DE POZOS ALCANTARILLADO SEGÚN PLANOS Y ESPECIFICACIONES. CON ALTURA 1<H<2 M, MUROS EN LADRILLO TOLETE COMÚN CON PAÑETE 1:3, PLACA DE FONDO Y CORONA DE 20 CM DE ESPESOR REFORZADA EN ACERO N°4, CAÑUELA EN CONCRETO, INCLUYE ESCALONES EN BARRAS N°8 DE ACERO CORRUGADO PINTADAS CON ANTICORROSIVO. (DIÁMETRO INTERNO 1.5 M) | E23: =+PRESUPUESTO!H22 -> und | F23: =+PRESUPUESTO!I22 -> 7 | G23: =+PRESUPUESTO!J22 -> 4555894 | H23: =ROUND(G23*F23,0) -> 31891258
B24: =+PRESUPUESTO!D23 -> 2.6 | D24: =+PRESUPUESTO!G23 -> CONSTRUCCIÓN DE POZOS ALCANTARILLADO SEGÚN PLANOS Y ESPECIFICACIONES. CON ALTURA 2<H<3 M, MUROS EN LADRILLO TOLETE COMÚN CON PAÑETE 1:3, PLACA DE FONDO Y CORONA DE 20 CM DE ESPESOR REFORZADA EN ACERO N°4, CAÑUELA EN CONCRETO, INCLUYE ESCALONES EN BARRAS N°8 DE ACERO CORRUGADO PINTADAS CON ANTICORROSIVO. (DIÁMETRO INTERNO 1.50 METROS) | E24: =+PRESUPUESTO!H23 -> und | F24: =+PRESUPUESTO!I23 -> 7 | G24: =+PRESUPUESTO!J23 -> 5208550 | H24: =ROUND(G24*F24,0) -> 36459850
B25: =+PRESUPUESTO!D24 -> 2.7 | D25: =+PRESUPUESTO!G24 -> SUMINISTRO, INSTALACIÓN Y COMPACTACIÓN DE RELLENO EN RECEBO TAMAÑO MÁXIMO 1" PARA ATRAQUES DE TUBERÍA | E25: =+PRESUPUESTO!H24 -> m3 | F25: =+PRESUPUESTO!I24 -> 147.01 | G25: =+PRESUPUESTO!J24 -> 145525 | H25: =ROUND(G25*F25,0) -> 21393630
B26: =+PRESUPUESTO!D25 -> 2.8 | D26: =+PRESUPUESTO!G25 -> INSTALACIÓN Y COMPACTACIÓN DE RELLENO CON MATERIAL PROVENIENTE DE LA EXCAVACIÓN | E26: =+PRESUPUESTO!H25 -> m3 | F26: =+PRESUPUESTO!I25 -> 880.40236 | G26: =+PRESUPUESTO!J25 -> 27267 | H26: =ROUND(G26*F26,0) -> 24005931
B27: =+PRESUPUESTO!D26 -> 2.9 | D27: =+PRESUPUESTO!G26 -> SUMINISTRO, INSTALACIÓN Y COMPACTACIÓN DE BASE EN ARENA PARA TUBERÍA E:8CM | E27: =+PRESUPUESTO!H26 -> m3 | F27: =+PRESUPUESTO!I26 -> 33.53 | G27: =+PRESUPUESTO!J26 -> 128667 | H27: =ROUND(G27*F27,0) -> 4314205
B28: =+PRESUPUESTO!D27 -> 2.10 | D28: =+PRESUPUESTO!G27 -> SUMINISTRO E INSTALACIÓN DE MARCOS DE AROS Y TAPAS EN HIERRO FUNDIDO Y NÚCLEO EN CONCRETO PARA POZOS DE INSPECCIÓN. DIÁMETRO 67 CM | E28: =+PRESUPUESTO!H27 -> und | F28: =+PRESUPUESTO!I27 -> 14 | G28: =+PRESUPUESTO!J27 -> 753270 | H28: =ROUND(G28*F28,0) -> 10545780
B29: =+PRESUPUESTO!D28 -> 2.11 | D29: =+PRESUPUESTO!G28 -> CONSTRUCCIÓN DE ATRAQUES EN CONCRETO 2000 PSI PARA TUBERÍA | E29: =+PRESUPUESTO!H28 -> m3 | F29: =+PRESUPUESTO!I28 -> 3.46 | G29: =+PRESUPUESTO!J28 -> 678039 | H29: =ROUND(G29*F29,0) -> 2346015
B32: 3 | C32: =+PRESUPUESTO!G30 -> DOMICILIARIAS - ALCANTARILLADO SANITARIO
B33: ='[213]PRESUPUESTO OFICIAL'!C31 -> 3.1 | D33: =+PRESUPUESTO!G31 -> EXCAVACIÓN MANUAL EN MATERIAL COMÚN PARA INSTALACIÓN DE TUBERÍA DOMICILIARIAS | E33: =+PRESUPUESTO!H31 -> m3 | F33: =+PRESUPUESTO!I31 -> 50.4 | G33: =+PRESUPUESTO!J31 -> 59106 | H33: =ROUND(G33*F33,0) -> 2978942
B34: ='[213]PRESUPUESTO OFICIAL'!C32 -> 3.2 | D34: =+PRESUPUESTO!G32 -> SUMINISTRO E INSTALACIÓN DE TUBERÍA PVC CORRUGADA SANITARIA Ø 6 PULG-160mm X 6 m | E34: =+PRESUPUESTO!H32 -> ml | F34: =+PRESUPUESTO!I32 -> 84 | G34: =+PRESUPUESTO!J32 -> 70097 | H34: =ROUND(G34*F34,0) -> 5888148
B35: ='[213]PRESUPUESTO OFICIAL'!C33 -> 3.3 | D35: =+PRESUPUESTO!G33 -> CONSTRUCCIÓN DE CAJAS DOMICILIARIAS 80X80X80 CM INCLUYE TAPA EN CONCRETO | E35: =+PRESUPUESTO!H33 -> und | F35: =+PRESUPUESTO!I33 -> 7 | G35: =+PRESUPUESTO!J33 -> 437473 | H35: =ROUND(G35*F35,0) -> 3062311
B36: ='[213]PRESUPUESTO OFICIAL'!C34 -> 3.4 | D36: =+PRESUPUESTO!G34 -> SUMINISTRO, INSTALACIÓN Y COMPACTACIÓN DE RELLENO EN RECEBO TAMAÑO MÁXIMO 1". | E36: =+PRESUPUESTO!H34 -> m3 | F36: =+PRESUPUESTO!I34 -> 50.4 | G36: =+PRESUPUESTO!J34 -> 145525 | H36: =ROUND(G36*F36,0) -> 7334460

Sheet INDICAR CÓDIGO DEL ITEM DE PAGO
C3: Formulario 1 - Propuesta económica - Documento tipo de licitación de obra pública de agua potable y saneamiento básico
C4: Código | D4: CCE-EICP-FM-47 | E4: Versión | F4: 1
C6: [La entidad podrá utilizar este formato, o el establecido por la entidad, para la presentación de los análisis de precios unitarios del contratista en la oportunidad prevista en el numeral 8.1. del Documento Base]
D9: [NOMBRE DE LA ENTIDAD]
L10: VERSIÓN
D11: [NÚMERO DEL PROCESO]
L12: PÁGINA | M12: 1 | N12: DE | O12: 1
D14: ANALISIS DE PRECIOS UNITARIOS
L16: FECHA | M16: DD | N16: MM | O16: AA
C18: ÍTEMS DE LA PROPUESTA ECONÓMICA | I18: ÍTEMS NO PREVISTOS
C22: DATOS ESPECÍFICOS
C24: ÍTEM | D24: DESCRIPCIÓN | M24: UNIDAD | O24: CANTIDAD
C26: I. EQUIPO
C29: DESCRIPCIÓN | H29: MARCA | J29: TIPO | L29: TARIFA/HORA | M29: RENDIMIENTO | O29: Vr. UNITARIO
C33: SUBTOTAL $
C34: II. MATERIALES
C37: DESCRIPCIÓN | K37: UNIDAD | L37: CANTIDAD | M37: PRECIO UNIT. | O37: Vr. UNITARIO
C40: SUBTOTAL $ | O40: 0
C41: III. TRANSPORTES
C44: MATERIAL | J44: VOL. o PESO | K44: DISTANCIA | L44: M3 o Ton/Km | M44: TARIFA | O44: Vr. UNITARIO
C47: SUBTOTAL $
C48: IV. MANO DE OBRA
C51: TRABAJADOR | J51: JORNAL | K51: PRESTACIONES | L51: JORNAL TOTAL | M51: RENDIMIENTO | O51: Vr. UNITARIO
C56: SUBTOTAL $
C58: TOTAL COSTO DIRECTO $
C59: V. COSTOS INDIRECTOS
C62: Descripción | L62: Porcentaje | M62: Valor Total
C63: ADMINISTRACION
C64: IMPREVISTOS
C65: UTILIDAD
C66: SUBTOTAL $
C68: Precio Unitario Total Aproximado al peso $
H72: Firma
H73: Nombre:
H74: Representante Legal del Contratista o su Apoderado
H75: Matricula No. :
C77: OBSERVACIONES INTERVENTORÍA
C81: APROBACIÓN POR INTERVENTORÍA
C82: Nota 1: Cuando se trate de Análisis de precios unitarios correspondientes a ítems de la propuesta económica aprobada, el Interventor aprueba el desglose de los componentes manteniendo el mismo precio unitario de cada ítem, cumpliendo con las especificaciones de construcción vigentes para el proyecto.
C84: Nota 2: Cuando se trate de Análisis de precios unitarios de ítems no previstos, el Interventor aprueba el desglose y precio unitario de cada ítem no previsto, exigiendo la aplicación de los costos correspondientes a insumos y tarifas de la propuesta económica inicial cuando estén contemplados, cumpliendo con las especificaciones de construcción vigente para el proyecto.
H87: Firma
H88: Nombre:
H89: Representante Legal del Interventor o su Apoderado
H90: Matricula No. :

Sheet 1.1
C3: Formulario 1 - Propuesta económica - Documento tipo de licitación de obra pública de agua potable y saneamiento básico
C4: Código | D4: CCE-EICP-FM-47 | E4: Versión | F4: 1
C6: [La entidad podrá utilizar este formato, o el establecido por la entidad, para la presentación de los análisis de precios unitarios del contratista en la oportunidad prevista en el numeral 8.1. del Documento Base]
D9: ALCALDÍA DEL MUNICIPIO DE MÁLAGA
L10: VERSIÓN
D11: =+PRESUPUESTO!C6 -> PRESUPUESTO OFICIAL OPTIMIZACIÓN DE UN TRAMO DEL COLECTOR DE LA RED DE ALCANTARILLADO SANITARIO UBICADO ENTRE EL BARRIO LA SALLE Y LA PARTE ALTA DE LA VEREDA GUASIMO SECTOR EL TABLÓN DEL MUNICIPIO DE MÁLAGA, SANTANDER
L12: PÁGINA | M12: 1 | N12: DE | O12: 1
D14: ANALISIS DE PRECIOS UNITARIOS
L16: FECHA | M16: DD | N16: MM | O16: AA
C18: ÍTEMS DE LA PROPUESTA ECONÓMICA | G18: X | I18: ÍTEMS NO PREVISTOS
C22: DATOS ESPECÍFICOS
C24: ÍTEM | D24: DESCRIPCIÓN | M24: UNIDAD | O24: CANTIDAD
C25: =+PRESUPUESTO!D14 -> 1.1 | D25: =+PRESUPUESTO!G14 -> LOCALIZACIÓN Y REPLANTEO (RED DE TUBERÍA ALCANTARILLADO SANITARIO, PLUVIAL Y ACUEDUCTO). | M25: =+PRESUPUESTO!H14 -> m2 | O25: =+PRESUPUESTO!I14 -> 630.83
C26: I. EQUIPO
C29: DESCRIPCIÓN | H29: MARCA | J29: TIPO | L29: TARIFA/HORA | M29: RENDIMIENTO | O29: Vr. UNITARIO
C30: Equipo de topográfia (estación de precisión ángular 2", nivel automatico de precisión lente X24, tripodes, bastones y prismas) | L30: 120000 | M30: 100 | O30: =+L30/M30 -> 1200
C32: Herramienta Menor (%) | M32: 0.06 | O32: =+M32*O57 -> 180.42
C33: SUBTOTAL $ | O33: =ROUND(SUM(O30:O32),0) -> 1380
C34: II. MATERIALES
C37: DESCRIPCIÓN | K37: UNIDAD | L37: CANTIDAD | M37: PRECIO UNIT. | O37: Vr. UNITARIO
C38: Durmiente madera 4x4 cm | K38: und | L38: 0.5 | M38: 58.88 | O38: =L38*M38 -> 29.44
K39: lb | L39: 0.01 | M39: 5828 | O39: =L39*M39 -> 58.28
K40: ml | L40: 2 | M40: 5.89 | N40: 5.89 | O40: =L40*M40 -> 11.78
C41: SUBTOTAL $ | O41: =ROUND(SUM(O38:O40),0) -> 100
C42: III. TRANSPORTES
C45: MATERIAL | J45: VOL. o PESO | K45: DISTANCIA | L45: M3 o Ton/Km | M45: TARIFA | O45: Vr. UNITARIO
C48: SUBTOTAL $ | O48: =SUM(O46:O47) -> 0
C49: IV. MANO DE OBRA
C52: TRABAJADOR | J52: JORNAL | K52: PRESTACIONES | L52: JORNAL TOTAL | M52: RENDIMIENTO | O52: Vr. UNITARIO
C53: Topógrafo | J53: 108000 | K53: 1.85 | L53: =+K53*J53 -> 199800 | M53: 100 | O53: =+L53/M53 -> 1998
C54: Cadenero | J54: 54567.514 | K54: 1.85 | L54: =+K54*J54 -> 100949.9 | M54: 100 | O54: =+L54/M54 -> 1009.499
C57: SUBTOTAL $ | O57: =ROUND(SUM(O53:O56),0) -> 3007
C59: TOTAL COSTO DIRECTO $ | O59: =+O57+O48+O41+O33 -> 4487
C60: V. COSTOS INDIRECTOS
C63: Descripción | L63: Porcentaje | M63: Valor Total
C64: ADMINISTRACION | M64: 0.29 | O64: =+M64*O59 -> 1301.23
C65: IMPREVISTOS | M65: 0.01 | O65: =+M65*O59 -> 44.87
C66: UTILIDAD | M66: 0.05 | O66: =+M66*O59 -> 224.35
C67: SUBTOTAL $ | O67: =ROUND(SUM(O64:O66),0) -> 1570
C69: Precio Unitario Total Aproximado al peso $ | O69: =+O67+O59 -> 6057
C78: OBSERVACIONES INTERVENTORÍA
C82: APROBACIÓN POR INTERVENTORÍA
C83: Nota 1: Cuando se trate de Análisis de precios unitarios correspondientes a ítems de la propuesta económica aprobada, el Interventor aprueba el desglose de los componentes manteniendo el mismo precio unitario de cada ítem, cumpliendo con las especificaciones de construcción vigentes para el proyecto.
C85: Nota 2: Cuando se trate de Análisis de precios unitarios de ítems no previstos, el Interventor aprueba el desglose y precio unitario de cada ítem no previsto, exigiendo la aplicación de los costos correspondientes a insumos y tarifas de la propuesta económica inicial cuando estén contemplados, cumpliendo con las especificaciones de construcción vigente para el proyecto.
H88: Firma
H89: Nombre:
H90: Representante Legal del Interventor o su Apoderado
H91: Matricula No. :

Sheet 1.2
C3: Formulario 1 - Propuesta económica - Documento tipo de licitación de obra pública de agua potable y saneamiento básico
C4: Código | D4: CCE-EICP-FM-47 | E4: Versión | F4: 1
C6: [La entidad podrá utilizar este formato, o el establecido por la entidad, para la presentación de los análisis de precios unitarios del contratista en la oportunidad prevista en el numeral 8.1. del Documento Base]
D9: ALCALDÍA DEL MUNICIPIO DE MÁLAGA
L10: VERSIÓN
D11: =+PRESUPUESTO!C6 -> PRESUPUESTO OFICIAL OPTIMIZACIÓN DE UN TRAMO DEL COLECTOR DE LA RED DE ALCANTARILLADO SANITARIO UBICADO ENTRE EL BARRIO LA SALLE Y LA PARTE ALTA DE LA VEREDA GUASIMO SECTOR EL TABLÓN DEL MUNICIPIO DE MÁLAGA, SANTANDER
L12: PÁGINA | M12: 1 | N12: DE | O12: 1
D14: ANALISIS DE PRECIOS UNITARIOS
L16: FECHA | M16: DD | N16: MM | O16: AA
C18: ÍTEMS DE LA PROPUESTA ECONÓMICA | G18: X | I18: ÍTEMS NO PREVISTOS
C22: DATOS ESPECÍFICOS
C24: ÍTEM | D24: DESCRIPCIÓN | M24: UNIDAD | O24: CANTIDAD
C25: 1.2 | D25: =+PRESUPUESTO!G15 -> CERRAMIENTO PERIMETRAL EN TELA VERDE ALTURA 2 METROS (INCLUYE PARALES EN MADERA) | M25: =+PRESUPUESTO!H15 -> ml | O25: =+PRESUPUESTO!I15 -> 250
C26: I. EQUIPO
C29: DESCRIPCIÓN | H29: MARCA | J29: TIPO | L29: TARIFA/HORA | M29: RENDIMIENTO | O29: Vr. UNITARIO
C32: Herramienta Menor (%) | M32: 0.06 | O32: =+M32*O58 -> 100.08
C33: SUBTOTAL $ | O33: =ROUND(SUM(O30:O32),0) -> 100
C34: II. MATERIALES
C37: DESCRIPCIÓN | K37: UNIDAD | L37: CANTIDAD | M37: PRECIO UNIT. | O37: Vr. UNITARIO
C38: TELA CERRAMIENTO OBRA VERDE ALTURA 2 METROS | K38: ml | L38: 1.05 | N38: =240000/50 -> 4800 | O38: =N38*L38 -> 5040
C39: MADERA ROLLIZA D=0.15 M | K39: ml | L39: 1.5 | N39: 5200 | O39: =N39*L39 -> 7800
C40: MADERA VARA CLAVO | K40: ml | L40: 0.5 | N40: 4200 | O40: =N40*L40 -> 2100
C41: PUNTILLA CON O SIN CABEZA | K41: lb | L41: 0.03 | N41: 5673 | O41: =N41*L41 -> 170.19
C42: SUBTOTAL $ | O42: =ROUND(SUM(O38:O41),0) -> 15110
C43: III. TRANSPORTES
C46: MATERIAL | J46: VOL. o PESO | K46: DISTANCIA | L46: M3 o Ton/Km | M46: TARIFA | O46: Vr. UNITARIO
C49: SUBTOTAL $ | O49: =SUM(O47:O48) -> 0
C50: IV. MANO DE OBRA
C53: TRABAJADOR | J53: JORNAL | K53: PRESTACIONES | L53: JORNAL TOTAL | M53: RENDIMIENTO | O53: Vr. UNITARIO
C54: Oficial | J54: =+INSUMOS!Q4 -> 80665.027 | K54: 1.85 | L54: =+K54*J54 -> 149230.3 | M54: 200 | O54: =+L54/M54 -> 746.1515
C55: Ayudante (2) | J55: =+INSUMOS!Q5*2 -> 99644.973 | K55: 1.85 | L55: =+K55*J55 -> 184343.2 | M55: 200 | O55: =+L55/M55 -> 921.716
C58: SUBTOTAL $ | O58: =ROUND(SUM(O54:O57),0) -> 1668
C60: TOTAL COSTO DIRECTO $ | O60: =+O58+O49+O42+O33 -> 16878
C61: V. COSTOS INDIRECTOS
C64: Descripción | L64: Porcentaje | M64: Valor Total
C65: ADMINISTRACION | M65: 0.29 | O65: =+M65*O60 -> 4894.62
C66: IMPREVISTOS | M66: 0.01 | O66: =+M66*O60 -> 168.78
C67: UTILIDAD | M67: 0.05 | O67: =+M67*O60 -> 843.9
C68: SUBTOTAL $ | O68: =ROUND(SUM(O65:O67),0) -> 5907
C70: Precio Unitario Total Aproximado al peso $ | O70: =+O68+O60 -> 22785
C79: OBSERVACIONES INTERVENTORÍA
C83: APROBACIÓN POR INTERVENTORÍA
C84: Nota 1: Cuando se trate de Análisis de precios unitarios correspondientes a ítems de la propuesta económica aprobada, el Interventor aprueba el desglose de los componentes manteniendo el mismo precio unitario de cada ítem, cumpliendo con las especificaciones de construcción vigentes para el proyecto.
C86: Nota 2: Cuando se trate de Análisis de precios unitarios de ítems no previstos, el Interventor aprueba el desglose y precio unitario de cada ítem no previsto, exigiendo la aplicación de los costos correspondientes a insumos y tarifas de la propuesta económica inicial cuando estén contemplados, cumpliendo con las especificaciones de construcción vigente para el proyecto.
H89: Firma
H90: Nombre:
H91: Representante Legal del Interventor o su Apoderado
H92: Matricula No. :

Sheet 2.1
C3: Formulario 1 - Propuesta económica - Documento tipo de licitación de obra pública de agua potable y saneamiento básico
C4: Código | D4: CCE-EICP-FM-47 | E4: Versión | F4: 1
C6: [La entidad podrá utilizar este formato, o el establecido por la entidad, para la presentación de los análisis de precios unitarios del contratista en la oportunidad prevista en el numeral 8.1. del Documento Base]
D9: ALCALDÍA DEL MUNICIPIO DE MÁLAGA
L10: VERSIÓN
D11: =+PRESUPUESTO!C6 -> PRESUPUESTO OFICIAL OPTIMIZACIÓN DE UN TRAMO DEL COLECTOR DE LA RED DE ALCANTARILLADO SANITARIO UBICADO ENTRE EL BARRIO LA SALLE Y LA PARTE ALTA DE LA VEREDA GUASIMO SECTOR EL TABLÓN DEL MUNICIPIO DE MÁLAGA, SANTANDER
L12: PÁGINA | M12: 1 | N12: DE | O12: 1
D14: ANALISIS DE PRECIOS UNITARIOS
L16: FECHA | M16: DD | N16: MM | O16: AA
C18: ÍTEMS DE LA PROPUESTA ECONÓMICA | G18: X | I18: ÍTEMS NO PREVISTOS
C22: DATOS ESPECÍFICOS
C24: ÍTEM | D24: DESCRIPCIÓN | M24: UNIDAD | O24: CANTIDAD
C25: =+PRESUPUESTO!D18 -> 2.1 | D25: =+PRESUPUESTO!G18 -> EXCAVACIÓN MECÁNICA VARIAS SIN CLASIFICAR (INCLUYE TRASIEGO INTERNO E ENTIBADOS) | M25: =+PRESUPUESTO!H18 -> m3 | O25: =+PRESUPUESTO!I18 -> 949.93
C26: I. EQUIPO
C29: DESCRIPCIÓN | H29: MARCA | J29: TIPO | L29: TARIFA/HORA | M29: RENDIMIENTO | O29: Vr. UNITARIO
C30: Retroexcavadora sobre oruga, potencia 158 kw, balde de 1.5 m3 | L30: 180344.91 | M30: 15 | O30: =+L30/M30 -> 12022.994
C31: Formaleta en madera para excavación (incl. tableros, cerchas y parales) | L31: 16999 | M31: 15 | O31: =+L31/M31 -> 1133.2667
C32: Herramienta Menor (%) | M32: 0.06 | O32: =+M32*O58 -> 166.8
C33: SUBTOTAL $ | O33: =ROUND(SUM(O30:O32),0) -> 13323
C34: II. MATERIALES
C37: DESCRIPCIÓN | K37: UNIDAD | L37: CANTIDAD | M37: PRECIO UNIT. | O37: Vr. UNITARIO
C42: SUBTOTAL $ | O42: =SUM(O38:O41) -> 0
C43: III. TRANSPORTES
C46: MATERIAL | J46: VOL. o PESO | K46: DISTANCIA | L46: M3 o Ton/Km | M46: TARIFA | O46: Vr. UNITARIO
C47: Trasiego dentro de la obra del material | J47: m3 | K47: 0.7 | L47: 1.05 | M47: 9000 | O47: =+M47*L47*K47 -> 6615
C49: SUBTOTAL $ | O49: =ROUND(SUM(O47:O48),0) -> 6615
C50: IV. MANO DE OBRA
C53: TRABAJADOR | J53: JORNAL | K53: PRESTACIONES | L53: JORNAL TOTAL | M53: RENDIMIENTO | O53: Vr. UNITARIO
C54: Oficial | J54: =+INSUMOS!Q4 -> 80665.027 | K54: 1.85 | L54: =+K54*J54 -> 149230.3 | M54: =+M30*8 -> 120 | O54: =+L54/M54 -> 1243.5858
C55: Ayudante (2) | J55: =+INSUMOS!Q5*2 -> 99644.973 | K55: 1.85 | L55: =+K55*J55 -> 184343.2 | M55: =+M54 -> 120 | O55: =+L55/M55 -> 1536.1933
C58: SUBTOTAL $ | O58: =ROUND(SUM(O54:O57),0) -> 2780
C60: TOTAL COSTO DIRECTO $ | O60: =ROUND((O58+O49+O42+O33),0) -> 22718
C61: V. COSTOS INDIRECTOS
C64: Descripción | L64: Porcentaje | M64: Valor Total
C65: ADMINISTRACION | M65: 0.29 | O65: =+M65*O60 -> 6588.22
C66: IMPREVISTOS | M66: 0.01 | O66: =+M66*O60 -> 227.18
C67: UTILIDAD | M67: 0.05 | O67: =+M67*O60 -> 1135.9
C68: SUBTOTAL $ | O68: =SUM(O65:O67) -> 7951.3
C70: Precio Unitario Total Aproximado al peso $ | O70: =ROUND(O68+O60,0) -> 30669
C79: OBSERVACIONES INTERVENTORÍA
C83: APROBACIÓN POR INTERVENTORÍA
C84: Nota 1: Cuando se trate de Análisis de precios unitarios correspondientes a ítems de la propuesta económica aprobada, el Interventor aprueba el desglose de los componentes manteniendo el mismo precio unitario de cada ítem, cumpliendo con las especificaciones de construcción vigentes para el proyecto.
C86: Nota 2: Cuando se trate de Análisis de precios unitarios de ítems no previstos, el Interventor aprueba el desglose y precio unitario de cada ítem no previsto, exigiendo la aplicación de los costos correspondientes a insumos y tarifas de la propuesta económica inicial cuando estén contemplados, cumpliendo con las especificaciones de construcción vigente para el proyecto.
H89: Firma
H90: Nombre:
H91: Representante Legal del Interventor o su Apoderado
H92: Matricula No. :

Sheet 2.2
C3: Formulario 1 - Propuesta económica - Documento tipo de licitación de obra pública de agua potable y saneamiento básico
C4: Código | D4: CCE-EICP-FM-47 | E4: Versión | F4: 1
C6: [La entidad podrá utilizar este formato, o el establecido por la entidad, para la presentación de los análisis de precios unitarios del contratista en la oportunidad prevista en el numeral 8.1. del Documento Base]
D9: ALCALDÍA DEL MUNICIPIO DE MÁLAGA
L10: VERSIÓN
D11: =+PRESUPUESTO!C6 -> PRESUPUESTO OFICIAL OPTIMIZACIÓN DE UN TRAMO DEL COLECTOR DE LA RED DE ALCANTARILLADO SANITARIO UBICADO ENTRE EL BARRIO LA SALLE Y LA PARTE ALTA DE LA VEREDA GUASIMO SECTOR EL TABLÓN DEL MUNICIPIO DE MÁLAGA, SANTANDER
L12: PÁGINA | M12: 1 | N12: DE | O12: 1
D14: ANALISIS DE PRECIOS UNITARIOS
L16: FECHA | M16: DD | N16: MM | O16: AA
C18: ÍTEMS DE LA PROPUESTA ECONÓMICA | G18: X | I18: ÍTEMS NO PREVISTOS
C22: DATOS ESPECÍFICOS
C24: ÍTEM | D24: DESCRIPCIÓN | M24: UNIDAD | O24: CANTIDAD
C25: =+PRESUPUESTO!D19 -> 2.2 | D25: =+PRESUPUESTO!G19 -> EXCAVACIÓN MECÁNICA EN ROCA | M25: =+PRESUPUESTO!H19 -> m3 | O25: =+PRESUPUESTO!I19 -> 212.88
C26: I. EQUIPO
C29: DESCRIPCIÓN | H29: MARCA | J29: TIPO | L29: TARIFA/HORA | M29: RENDIMIENTO | O29: Vr. UNITARIO
C30: Retroexcavadora sobre oruga, potencia 158 kw, balde de 1.5 m3 | L30: 180344.91 | M30: 5 | O30: =+L30/M30 -> 36068.982
C31: Compresor portátil de 70 a 120 HP, con martillo | L31: 121097.87 | M31: 5 | O31: =+L31/M31 -> 24219.574
C32: Herramienta Menor (%) | M32: 0.06 | O32: =+M32*O58 -> 500.34
C33: SUBTOTAL $ | O33: =ROUND(SUM(O30:O32),0) -> 60789
C34: II. MATERIALES
C37: DESCRIPCIÓN | K37: UNIDAD | L37: CANTIDAD | M37: PRECIO UNIT. | O37: Vr. UNITARIO
C42: SUBTOTAL $ | O42: =SUM(O38:O41) -> 0
C43: III. TRANSPORTES
C46: MATERIAL | J46: VOL. o PESO | K46: DISTANCIA | L46: M3 o Ton/Km | M46: TARIFA | O46: Vr. UNITARIO
C47: Trasiego dentro de la obra del material | J47: m3 | K47: 0.7 | L47: 1.05 | M47: 9000 | O47: =+M47*L47*K47 -> 6615
C49: SUBTOTAL $ | O49: =ROUND(SUM(O47:O48),0) -> 6615
C50: IV. MANO DE OBRA
C53: TRABAJADOR | J53: JORNAL | K53: PRESTACIONES | L53: JORNAL TOTAL | M53: RENDIMIENTO | O53: Vr. UNITARIO
C54: Oficial | J54: =+INSUMOS!Q4 -> 80665.027 | K54: 1.85 | L54: =+K54*J54 -> 149230.3 | M54: =+M30*8 -> 40 | O54: =+L54/M54 -> 3730.7575
C55: Ayudante (2) | J55: =+INSUMOS!Q5*2 -> 99644.973 | K55: 1.85 | L55: =+K55*J55 -> 184343.2 | M55: =+M54 -> 40 | O55: =+L55/M55 -> 4608.58
C58: SUBTOTAL $ | O58: =ROUND(SUM(O54:O57),0) -> 8339
C60: TOTAL COSTO DIRECTO $ | O60: =ROUND((O58+O49+O42+O33),0) -> 75743
C61: V. COSTOS INDIRECTOS
C64: Descripción | L64: Porcentaje | M64: Valor Total
C65: ADMINISTRACION | M65: 0.29 | O65: =+M65*O60 -> 21965.47
C66: IMPREVISTOS | M66: 0.01 | O66: =+M66*O60 -> 757.43
C67: UTILIDAD | M67: 0.05 | O67: =+M67*O60 -> 3787.15
C68: SUBTOTAL $ | O68: =SUM(O65:O67) -> 26510.05
C70: Precio Unitario Total Aproximado al peso $ | O70: =ROUND(O68+O60,0) -> 102253
C79: OBSERVACIONES INTERVENTORÍA
C83: APROBACIÓN POR INTERVENTORÍA
C84: Nota 1: Cuando se trate de Análisis de precios unitarios correspondientes a ítems de la propuesta económica aprobada, el Interventor aprueba el desglose de los componentes manteniendo el mismo precio unitario de cada ítem, cumpliendo con las especificaciones de construcción vigentes para el proyecto.
C86: Nota 2: Cuando se trate de Análisis de precios unitarios de ítems no previstos, el Interventor aprueba el desglose y precio unitario de cada ítem no previsto, exigiendo la aplicación de los costos correspondientes a insumos y tarifas de la propuesta económica inicial cuando estén contemplados, cumpliendo con las especificaciones de construcción vigente para el proyecto.
H89: Firma
H90: Nombre:
H91: Representante Legal del Interventor o su Apoderado
H92: Matricula No. :

Sheet 2.3
C3: Formulario 1 - Propuesta económica - Documento tipo de licitación de obra pública de agua potable y saneamiento básico
C4: Código | D4: CCE-EICP-FM-47 | E4: Versión | F4: 1
C6: [La entidad podrá utilizar este formato, o el establecido por la entidad, para la presentación de los análisis de precios unitarios del contratista en la oportunidad prevista en el numeral 8.1. del Documento Base]
D9: ALCALDÍA DEL MUNICIPIO DE MÁLAGA
L10: VERSIÓN
D11: =+PRESUPUESTO!C6 -> PRESUPUESTO OFICIAL OPTIMIZACIÓN DE UN TRAMO DEL COLECTOR DE LA RED DE ALCANTARILLADO SANITARIO UBICADO ENTRE EL BARRIO LA SALLE Y LA PARTE ALTA DE LA VEREDA GUASIMO SECTOR EL TABLÓN DEL MUNICIPIO DE MÁLAGA, SANTANDER
L12: PÁGINA | M12: 1 | N12: DE | O12: 1
D14: ANALISIS DE PRECIOS UNITARIOS
L16: FECHA | M16: DD | N16: MM | O16: AA
C18: ÍTEMS DE LA PROPUESTA ECONÓMICA | G18: X | I18: ÍTEMS NO PREVISTOS
C22: DATOS ESPECÍFICOS
C24: ÍTEM | D24: DESCRIPCIÓN | M24: UNIDAD | O24: CANTIDAD
C25: =+PRESUPUESTO!D20 -> 2.3 | D25: =+PRESUPUESTO!G20 -> SUMINISTRO E INSTALACIÓN DE TUBERÍA PVC SANITARIA CORRUGADA Ø 14PULG-350mm X6m PARA CÁMARAS DE CAÍDA | M25: =+PRESUPUESTO!H20 -> ml | O25: =+PRESUPUESTO!I20 -> 24
C26: I. EQUIPO
C29: DESCRIPCIÓN | H29: MARCA | J29: TIPO | L29: TARIFA/HORA | M29: RENDIMIENTO | O29: Vr. UNITARIO
C32: Herramienta Menor (%) | M32: 0.06 | O32: =+M32*O58 -> 1419.18
C33: SUBTOTAL $ | O33: =ROUND(SUM(O30:O32),0) -> 1419
C34: II. MATERIALES
C37: DESCRIPCIÓN | K37: UNIDAD | L37: CANTIDAD | M37: PRECIO UNIT. | O37: Vr. UNITARIO
C38: Tuberia Novafort alcantarillado 14pulg-350mm X6m | K38: ml | L38: 1.05 | M38: =VLOOKUP(C38,[212]INSUMOS!$C$28:$O$59,13,FALSE) -> 123814 | O38: =L38*M38 -> 130004.7
C39: Lubricante para tubería x 500 gramos | K39: gramos | L39: 0.25 | M39: 32222 | O39: =+M39*L39 -> 8055.5
C42: SUBTOTAL $ | O42: =SUM(O38:O41) -> 138060.2
C43: III. TRANSPORTES
C46: MATERIAL | J46: VOL. o PESO | K46: DISTANCIA | L46: ML o Ton/Km | M46: TARIFA | O46: Vr. UNITARIO
C47: Trasiego dentro de la obra del material | J47: m3 | K47: 1 | L47: 1.05 | M47: 3000 | O47: =+M47*L47*K47 -> 3150
C49: SUBTOTAL $ | O49: =ROUND(SUM(O47:O48),0) -> 3150
C50: IV. MANO DE OBRA
C53: TRABAJADOR | J53: JORNAL | K53: PRESTACIONES | L53: JORNAL TOTAL | M53: RENDIMIENTO | O53: Vr. UNITARIO
C54: Oficial | J54: =+INSUMOS!Q4 -> 80665.027 | K54: 1.85 | L54: =+K54*J54 -> 149230.3 | M54: 18 | O54: =+L54/M54 -> 8290.5722
C55: Ayudante (3) | J55: =+INSUMOS!Q5*3 -> 149467.46 | K55: 1.85 | L55: =+K55*J55 -> 276514.8 | M55: 18 | O55: =+L55/M55 -> 15361.933
C58: SUBTOTAL $ | O58: =ROUND(SUM(O54:O57),0) -> 23653
C60: TOTAL COSTO DIRECTO $ | O60: =ROUND((O58+O49+O42+O33),0) -> 166282
C61: V. COSTOS INDIRECTOS
C64: Descripción | L64: Porcentaje | M64: Valor Total
C65: ADMINISTRACION | M65: 0.29 | O65: =+M65*O60 -> 48221.78
C66: IMPREVISTOS | M66: 0.01 | O66: =+M66*O60 -> 1662.82
C67: UTILIDAD | M67: 0.05 | O67: =+M67*O60 -> 8314.1
C68: SUBTOTAL $ | O68: =SUM(O65:O67) -> 58198.7
C70: Precio Unitario Total Aproximado al peso $ | O70: =ROUND(O68+O60,0) -> 224481
C79: OBSERVACIONES INTERVENTORÍA
C83: APROBACIÓN POR INTERVENTORÍA
C84: Nota 1: Cuando se trate de Análisis de precios unitarios correspondientes a ítems de la propuesta económica aprobada, el Interventor aprueba el desglose de los componentes manteniendo el mismo precio unitario de cada ítem, cumpliendo con las especificaciones de construcción vigentes para el proyecto.
C86: Nota 2: Cuando se trate de Análisis de precios unitarios de ítems no previstos, el Interventor aprueba el desglose y precio unitario de cada ítem no previsto, exigiendo la aplicación de los costos correspondientes a insumos y tarifas de la propuesta económica inicial cuando estén contemplados, cumpliendo con las especificaciones de construcción vigente para el proyecto.
H89: Firma
H90: Nombre:
H91: Representante Legal del Interventor o su Apoderado
H92: Matricula No. :

Sheet 2.4
C3: Formulario 1 - Propuesta económica - Documento tipo de licitación de obra pública de agua potable y saneamiento básico
C4: Código | D4: CCE-EICP-FM-47 | E4: Versión | F4: 1
C6: [La entidad podrá utilizar este formato, o el establecido por la entidad, para la presentación de los análisis de precios unitarios del contratista en la oportunidad prevista en el numeral 8.1. del Documento Base]
D9: ALCALDÍA DEL MUNICIPIO DE MÁLAGA
L10: VERSIÓN
D11: =+PRESUPUESTO!C6 -> PRESUPUESTO OFICIAL OPTIMIZACIÓN DE UN TRAMO DEL COLECTOR DE LA RED DE ALCANTARILLADO SANITARIO UBICADO ENTRE EL BARRIO LA SALLE Y LA PARTE ALTA DE LA VEREDA GUASIMO SECTOR EL TABLÓN DEL MUNICIPIO DE MÁLAGA, SANTANDER
L12: PÁGINA | M12: 1 | N12: DE | O12: 1
D14: ANALISIS DE PRECIOS UNITARIOS
L16: FECHA | M16: DD | N16: MM | O16: AA
C18: ÍTEMS DE LA PROPUESTA ECONÓMICA | G18: X | I18: ÍTEMS NO PREVISTOS
C22: DATOS ESPECÍFICOS
C24: ÍTEM | D24: DESCRIPCIÓN | M24: UNIDAD | O24: CANTIDAD
C25: =+PRESUPUESTO!D21 -> 2.4 | D25: =+PRESUPUESTO!G21 -> SUMINISTRO E INSTALACIÓN DE TUBERÍA PVC SANITARIA CORRUGADA Ø 24PULG-600mm X6m | M25: =+PRESUPUESTO!H21 -> ml | O25: =+PRESUPUESTO!I21 -> 465.75
C26: I. EQUIPO
C29: DESCRIPCIÓN | H29: MARCA | J29: TIPO | L29: TARIFA/HORA | M29: RENDIMIENTO | O29: Vr. UNITARIO
C32: Herramienta Menor (%) | M32: 0.06 | O32: =+M32*O58 -> 1942.2
C33: SUBTOTAL $ | O33: =ROUND(SUM(O30:O32),0) -> 1942
C34: II. MATERIALES
C37: DESCRIPCIÓN | K37: UNIDAD | L37: CANTIDAD | M37: PRECIO UNIT. | O37: Vr. UNITARIO
C38: Tuberia Novafort alcantarillado 24pulg-600mm X6m | K38: ml | L38: 1.05 | M38: =VLOOKUP(C38,[212]INSUMOS!$C$28:$O$59,13,FALSE) -> 372365 | O38: =L38*M38 -> 390983.25
C39: Lubricante para tubería x 500 gramos | K39: gramos | L39: 0.25 | M39: =VLOOKUP(C39,[212]INSUMOS!$C$28:$O$59,13,FALSE) -> 32222 | O39: =+M39*L39 -> 8055.5
C42: SUBTOTAL $ | O42: =SUM(O38:O41) -> 399038.75
C43: III. TRANSPORTES
C46: MATERIAL | J46: VOL. o PESO | K46: DISTANCIA | L46: ML o Ton/Km | M46: TARIFA | O46: Vr. UNITARIO
C47: Trasiego dentro de la obra del material | J47: m3 | K47: 1 | L47: 1.05 | M47: 3000 | O47: =+M47*L47*K47 -> 3150
C49: SUBTOTAL $ | O49: =ROUND(SUM(O47:O48),0) -> 3150
C50: IV. MANO DE OBRA
C53: TRABAJADOR | J53: JORNAL | K53: PRESTACIONES | L53: JORNAL TOTAL | M53: RENDIMIENTO | O53: Vr. UNITARIO
C54: Oficial | J54: =+INSUMOS!Q4 -> 80665.027 | K54: 1.85 | L54: =+K54*J54 -> 149230.3 | M54: 16 | O54: =+L54/M54 -> 9326.8937
C55: Ayudante (4) | J55: =+INSUMOS!Q5*4 -> 199289.95 | K55: 1.85 | L55: =+K55*J55 -> 368686.4 | M55: 16 | O55: =+L55/M55 -> 23042.9
C58: SUBTOTAL $ | O58: =ROUND(SUM(O54:O57),0) -> 32370
C60: TOTAL COSTO DIRECTO $ | O60: =ROUND((O58+O49+O42+O33),0) -> 436501
C61: V. COSTOS INDIRECTOS
C64: Descripción | L64: Porcentaje | M64: Valor Total
C65: ADMINISTRACION | M65: 0.29 | O65: =+M65*O60 -> 126585.29
C66: IMPREVISTOS | M66: 0.01 | O66: =+M66*O60 -> 4365.01
C67: UTILIDAD | M67: 0.05 | O67: =+M67*O60 -> 21825.05
C68: SUBTOTAL $ | O68: =SUM(O65:O67) -> 152775.35
C70: Precio Unitario Total Aproximado al peso $ | O70: =ROUND(O68+O60,0) -> 589276
C79: OBSERVACIONES INTERVENTORÍA
C83: APROBACIÓN POR INTERVENTORÍA
C84: Nota 1: Cuando se trate de Análisis de precios unitarios correspondientes a ítems de la propuesta económica aprobada, el Interventor aprueba el desglose de los componentes manteniendo el mismo precio unitario de cada ítem, cumpliendo con las especificaciones de construcción vigentes para el proyecto.
C86: Nota 2: Cuando se trate de Análisis de precios unitarios de ítems no previstos, el Interventor aprueba el desglose y precio unitario de cada ítem no previsto, exigiendo la aplicación de los costos correspondientes a insumos y tarifas de la propuesta económica inicial cuando estén contemplados, cumpliendo con las especificaciones de construcción vigente para el proyecto.
H89: Firma
H90: Nombre:
H91: Representante Legal del Interventor o su Apoderado
H92: Matricula No. :

Sheet 2.5
C3: Formulario 1 - Propuesta económica - Documento tipo de licitación de obra pública de agua potable y saneamiento básico
C4: Código | D4: CCE-EICP-FM-47 | E4: Versión | F4: 1
C6: [La entidad podrá utilizar este formato, o el establecido por la entidad, para la presentación de los análisis de precios unitarios del contratista en la oportunidad prevista en el numeral 8.1. del Documento Base]
D9: ALCALDÍA DEL MUNICIPIO DE MÁLAGA
L10: VERSIÓN
D11: =+PRESUPUESTO!C6 -> PRESUPUESTO OFICIAL OPTIMIZACIÓN DE UN TRAMO DEL COLECTOR DE LA RED DE ALCANTARILLADO SANITARIO UBICADO ENTRE EL BARRIO LA SALLE Y LA PARTE ALTA DE LA VEREDA GUASIMO SECTOR EL TABLÓN DEL MUNICIPIO DE MÁLAGA, SANTANDER
L12: PÁGINA | M12: 1 | N12: DE | O12: 1
D14: ANALISIS DE PRECIOS UNITARIOS
L16: FECHA | M16: DD | N16: MM | O16: AA
C18: ÍTEMS DE LA PROPUESTA ECONÓMICA | G18: X | I18: ÍTEMS NO PREVISTOS
C22: DATOS ESPECÍFICOS
C24: ÍTEM | D24: DESCRIPCIÓN | M24: UNIDAD | O24: CANTIDAD
C25: =+PRESUPUESTO!D22 -> 2.5 | D25: =+PRESUPUESTO!G22 -> CONSTRUCCIÓN DE POZOS ALCANTARILLADO SEGÚN PLANOS Y ESPECIFICACIONES. CON ALTURA 1<H<2 M, MUROS EN LADRILLO TOLETE COMÚN CON PAÑETE 1:3, PLACA DE FONDO Y CORONA DE 20 CM DE ESPESOR REFORZADA EN ACERO N°4, CAÑUELA EN CONCRETO, INCLUYE ESCALONES EN BARRAS N°8 DE ACERO CORRUGADO PINTADAS CON ANTICORROSIVO. (DIÁMETRO INTERNO 1.5 M) | M25: =+PRESUPUESTO!H22 -> und | O25: =+PRESUPUESTO!I22 -> 7
C26: I. EQUIPO
C29: DESCRIPCIÓN | H29: MARCA | J29: TIPO | L29: TARIFA/HORA | M29: RENDIMIENTO | O29: Vr. UNITARIO
C32: Herramienta Menor (%) | M32: 0.05 | O32: =+M32*O59 -> 67056.1
C33: SUBTOTAL $ | O33: =ROUND(SUM(O30:O32),0) -> 67056
C34: II. MATERIALES
C37: DESCRIPCIÓN | K37: UNIDAD | L37: CANTIDAD | M37: PRECIO UNIT. | O37: Vr. UNITARIO
C38: Ladrillo Tolete (incluye trasnporte) | K38: und | L38: 959 | M38: =VLOOKUP(C38,INSUMOS!C28:O57,13,FALSE) -> 1010 | O38: =L38*M38 -> 968590
C39: Acero PDR-60 | K39: kg | L39: 48 | M39: =VLOOKUP(C39,INSUMOS!C28:O59,13,FALSE) -> 4710 | O39: =+M39*L39 -> 226080
C40: Concreto resistencia 21 MPA | K40: m3 | L40: 0.84 | M40: =+'CON 21 MPA'!N56 -> 516548 | O40: =+M40*L40 -> 433900.32
C41: Mortero1:3 | K41: m3 | L41: 0.64 | M41: =+'MORTERO 1-3'!N53 -> 528106 | O41: =+M41*L41 -> 337987.84
C43: SUBTOTAL $ | O43: =ROUND(SUM(O38:O42),0) -> 1966558
C44: III. TRANSPORTES
C47: MATERIAL | J47: VOL. o PESO | K47: DISTANCIA | L47: ML o Ton/Km | M47: TARIFA | O47: Vr. UNITARIO
C50: SUBTOTAL $ | O50: =ROUND(SUM(O48:O49),0) -> 0
C51: IV. MANO DE OBRA
C54: TRABAJADOR | J54: JORNAL | K54: PRESTACIONES | L54: JORNAL TOTAL | M54: RENDIMIENTO | O54: Vr. UNITARIO
C55: Oficial | J55: =+INSUMOS!Q4 -> 80665.027 | K55: 1.85 | L55: =+K55*J55 -> 149230.3 | M55: 0.18 | O55: =+L55/M55 -> 829057.22
C56: Ayudante | J56: =+INSUMOS!Q5*1 -> 49822.486 | K56: 1.85 | L56: =+K56*J56 -> 92171.6 | M56: 0.18 | O56: =+L56/M56 -> 512064.44
C59: SUBTOTAL $ | O59: =ROUND(SUM(O55:O58),0) -> 1341122
C61: TOTAL COSTO DIRECTO $ | O61: =ROUND((O59+O50+O43+O33),0) -> 3374736
C62: V. COSTOS INDIRECTOS
C65: Descripción | L65: Porcentaje | M65: Valor Total
C66: ADMINISTRACION | M66: 0.29 | O66: =+M66*O61 -> 978673.44
C67: IMPREVISTOS | M67: 0.01 | O67: =+M67*O61 -> 33747.36
C68: UTILIDAD | M68: 0.05 | O68: =+M68*O61 -> 168736.8
C69: SUBTOTAL $ | O69: =SUM(O66:O68) -> 1181157.6
C71: Precio Unitario Total Aproximado al peso $ | O71: =ROUND(O69+O61,0) -> 4555894
C80: OBSERVACIONES INTERVENTORÍA
C84: APROBACIÓN POR INTERVENTORÍA
C85: Nota 1: Cuando se trate de Análisis de precios unitarios correspondientes a ítems de la propuesta económica aprobada, el Interventor aprueba el desglose de los componentes manteniendo el mismo precio unitario de cada ítem, cumpliendo con las especificaciones de construcción vigentes para el proyecto.
C87: Nota 2: Cuando se trate de Análisis de precios unitarios de ítems no previstos, el Interventor aprueba el desglose y precio unitario de cada ítem no previsto, exigiendo la aplicación de los costos correspondientes a insumos y tarifas de la propuesta económica inicial cuando estén contemplados, cumpliendo con las especificaciones de construcción vigente para el proyecto.
H90: Firma
H91: Nombre:
H92: Representante Legal del Interventor o su Apoderado
H93: Matricula No. :

Sheet 2.6
C3: Formulario 1 - Propuesta económica - Documento tipo de licitación de obra pública de agua potable y saneamiento básico
C4: Código | D4: CCE-EICP-FM-47 | E4: Versión | F4: 1
C6: [La entidad podrá utilizar este formato, o el establecido por la entidad, para la presentación de los análisis de precios unitarios del contratista en la oportunidad prevista en el numeral 8.1. del Documento Base]
D9: ALCALDÍA DEL MUNICIPIO DE MÁLAGA
L10: VERSIÓN
D11: =+PRESUPUESTO!C6 -> PRESUPUESTO OFICIAL OPTIMIZACIÓN DE UN TRAMO DEL COLECTOR DE LA RED DE ALCANTARILLADO SANITARIO UBICADO ENTRE EL BARRIO LA SALLE Y LA PARTE ALTA DE LA VEREDA GUASIMO SECTOR EL TABLÓN DEL MUNICIPIO DE MÁLAGA, SANTANDER
L12: PÁGINA | M12: 1 | N12: DE | O12: 1
D14: ANALISIS DE PRECIOS UNITARIOS
L16: FECHA | M16: DD | N16: MM | O16: AA
C18: ÍTEMS DE LA PROPUESTA ECONÓMICA | G18: X | I18: ÍTEMS NO PREVISTOS
C22: DATOS ESPECÍFICOS
C24: ÍTEM | D24: DESCRIPCIÓN | M24: UNIDAD | O24: CANTIDAD
C25: =+PRESUPUESTO!D23 -> 2.6 | D25: =+PRESUPUESTO!G23 -> CONSTRUCCIÓN DE POZOS ALCANTARILLADO SEGÚN PLANOS Y ESPECIFICACIONES. CON ALTURA 2<H<3 M, MUROS EN LADRILLO TOLETE COMÚN CON PAÑETE 1:3, PLACA DE FONDO Y CORONA DE 20 CM DE ESPESOR REFORZADA EN ACERO N°4, CAÑUELA EN CONCRETO, INCLUYE ESCALONES EN BARRAS N°8 DE ACERO CORRUGADO PINTADAS CON ANTICORROSIVO. (DIÁMETRO INTERNO 1.50 METROS) | M25: =+PRESUPUESTO!H23 -> und | O25: =+PRESUPUESTO!I23 -> 7
C26: I. EQUIPO
C29: DESCRIPCIÓN | H29: MARCA | J29: TIPO | L29: TARIFA/HORA | M29: RENDIMIENTO | O29: Vr. UNITARIO
C32: Herramienta Menor (%) | M32: 0.05 | O32: =+M32*O59 -> 67056.1
C33: SUBTOTAL $ | O33: =ROUND(SUM(O30:O32),0) -> 67056
C34: II. MATERIALES
C37: DESCRIPCIÓN | K37: UNIDAD | L37: CANTIDAD | M37: PRECIO UNIT. | O37: Vr. UNITARIO
C38: Ladrillo Tolete (incluye trasnporte) | K38: und | L38: 1439 | M38: =VLOOKUP(C38,INSUMOS!C28:O57,13,FALSE) -> 1010 | O38: =L38*M38 -> 1453390
C39: Acero PDR-60 | K39: kg | L39: 48 | M39: =VLOOKUP(C39,INSUMOS!C28:O59,13,FALSE) -> 4710 | O39: =+M39*L39 -> 226080
C40: Concreto resistencia 21 MPA | K40: m3 | L40: 0.5 | M40: =+'CON 21 MPA'!N56 -> 516548 | O40: =+M40*L40 -> 258274
C41: Mortero1:3 | K41: m3 | L41: 0.97 | M41: =+'MORTERO 1-3'!N53 -> 528106 | O41: =+M41*L41 -> 512262.82
C43: SUBTOTAL $ | O43: =ROUND(SUM(O38:O42),0) -> 2450007
C44: III. TRANSPORTES
C47: MATERIAL | J47: VOL. o PESO | K47: DISTANCIA | L47: ML o Ton/Km | M47: TARIFA | O47: Vr. UNITARIO
C50: SUBTOTAL $ | O50: =ROUND(SUM(O48:O49),0) -> 0
C51: IV. MANO DE OBRA
C54: TRABAJADOR | J54: JORNAL | K54: PRESTACIONES | L54: JORNAL TOTAL | M54: RENDIMIENTO | O54: Vr. UNITARIO
C55: Oficial | J55: =+INSUMOS!Q4 -> 80665.027 | K55: 1.85 | L55: =+K55*J55 -> 149230.3 | M55: 0.18 | O55: =+L55/M55 -> 829057.22
C56: Ayudante | J56: =+INSUMOS!Q5*1 -> 49822.486 | K56: 1.85 | L56: =+K56*J56 -> 92171.6 | M56: 0.18 | O56: =+L56/M56 -> 512064.44
C59: SUBTOTAL $ | O59: =ROUND(SUM(O55:O58),0) -> 1341122
C61: TOTAL COSTO DIRECTO $ | O61: =ROUND((O59+O50+O43+O33),0) -> 3858185
C62: V. COSTOS INDIRECTOS
C65: Descripción | L65: Porcentaje | M65: Valor Total
C66: ADMINISTRACION | M66: 0.29 | O66: =+M66*O61 -> 1118873.6
C67: IMPREVISTOS | M67: 0.01 | O67: =+M67*O61 -> 38581.85
C68: UTILIDAD | M68: 0.05 | O68: =+M68*O61 -> 192909.25
C69: SUBTOTAL $ | O69: =SUM(O66:O68) -> 1350364.8
C71: Precio Unitario Total Aproximado al peso $ | O71: =ROUND(O69+O61,0) -> 5208550
C80: OBSERVACIONES INTERVENTORÍA
C84: APROBACIÓN POR INTERVENTORÍA
C85: Nota 1: Cuando se trate de Análisis de precios unitarios correspondientes a ítems de la propuesta económica aprobada, el Interventor aprueba el desglose de los componentes manteniendo el mismo precio unitario de cada ítem, cumpliendo con las especificaciones de construcción vigentes para el proyecto.
C87: Nota 2: Cuando se trate de Análisis de precios unitarios de ítems no previstos, el Interventor aprueba el desglose y precio unitario de cada ítem no previsto, exigiendo la aplicación de los costos correspondientes a insumos y tarifas de la propuesta económica inicial cuando estén contemplados, cumpliendo con las especificaciones de construcción vigente para el proyecto.
H90: Firma
H91: Nombre:
H92: Representante Legal del Interventor o su Apoderado
H93: Matricula No. :

Sheet 2.7
C3: Formulario 1 - Propuesta económica - Documento tipo de licitación de obra pública de agua potable y saneamiento básico
C4: Código | D4: CCE-EICP-FM-47 | E4: Versión | F4: 1
C6: [La entidad podrá utilizar este formato, o el establecido por la entidad, para la presentación de los análisis de precios unitarios del contratista en la oportunidad prevista en el numeral 8.1. del Documento Base]
D9: ALCALDÍA DEL MUNICIPIO DE MÁLAGA
L10: VERSIÓN
D11: =+PRESUPUESTO!C6 -> PRESUPUESTO OFICIAL OPTIMIZACIÓN DE UN TRAMO DEL COLECTOR DE LA RED DE ALCANTARILLADO SANITARIO UBICADO ENTRE EL BARRIO LA SALLE Y LA PARTE ALTA DE LA VEREDA GUASIMO SECTOR EL TABLÓN DEL MUNICIPIO DE MÁLAGA, SANTANDER
L12: PÁGINA | M12: 1 | N12: DE | O12: 1
D14: ANALISIS DE PRECIOS UNITARIOS
L16: FECHA | M16: DD | N16: MM | O16: AA
C18: ÍTEMS DE LA PROPUESTA ECONÓMICA | G18: X | I18: ÍTEMS NO PREVISTOS
C22: DATOS ESPECÍFICOS
C24: ÍTEM | D24: DESCRIPCIÓN | M24: UNIDAD | O24: CANTIDAD
C25: =+PRESUPUESTO!D24 -> 2.7 | D25: =+PRESUPUESTO!G24 -> SUMINISTRO, INSTALACIÓN Y COMPACTACIÓN DE RELLENO EN RECEBO TAMAÑO MÁXIMO 1" PARA ATRAQUES DE TUBERÍA | M25: =+PRESUPUESTO!H24 -> m3 | O25: =+PRESUPUESTO!I24 -> 147.01
C26: I. EQUIPO
C29: DESCRIPCIÓN | H29: MARCA | J29: TIPO | L29: TARIFA/HORA | M29: RENDIMIENTO | O29: Vr. UNITARIO
C30: Compactador manual (Rana) | L30: 15000 | M30: 0.36 | O30: =M30*L30 -> 5400
C32: Herramienta Menor (%) | M32: 0.05 | O32: =+M32*O59 -> 1005.85
C33: SUBTOTAL $ | O33: =ROUND(SUM(O30:O32),0) -> 6406
C34: II. MATERIALES
C37: DESCRIPCIÓN | K37: UNIDAD | L37: CANTIDAD | M37: PRECIO UNIT. | O37: Vr. UNITARIO
C38: Recebo Tamaño maximo 1" | K38: m3 | L38: 1.2 | M38: =VLOOKUP(C38,INSUMOS!C28:O59,13,FALSE) -> 53838.384 | O38: =L38*M38 -> 64606.061
C43: SUBTOTAL $ | O43: =ROUND(SUM(O38:O42),0) -> 64606
C44: III. TRANSPORTES
C47: MATERIAL | J47: VOL. o PESO | K47: DISTANCIA | L47: M3 o Ton/Km | M47: TARIFA | O47: Vr. UNITARIO
C48: Transporte de Material | J48: m3 | K48: 15 | L48: 1 | M48: 1111.1111 | O48: =+M48*L48*K48 -> 16666.667
C50: SUBTOTAL $ | O50: =ROUND(SUM(O48:O49),0) -> 16667
C51: IV. MANO DE OBRA
C54: TRABAJADOR | J54: JORNAL | K54: PRESTACIONES | L54: JORNAL TOTAL | M54: RENDIMIENTO | O54: Vr. UNITARIO
C55: Oficial | J55: =+INSUMOS!Q4 -> 80665.027 | K55: 1.85 | L55: =+K55*J55 -> 149230.3 | M55: 12 | O55: =+L55/M55 -> 12435.858
C56: Ayudante | J56: =+INSUMOS!Q5*1 -> 49822.486 | K56: 1.85 | L56: =+K56*J56 -> 92171.6 | M56: 12 | O56: =+L56/M56 -> 7680.9667
C59: SUBTOTAL $ | O59: =ROUND(SUM(O55:O58),0) -> 20117
C61: TOTAL COSTO DIRECTO $ | O61: =ROUND((O59+O50+O43+O33),0) -> 107796
C62: V. COSTOS INDIRECTOS
C65: Descripción | L65: Porcentaje | M65: Valor Total
C66: ADMINISTRACION | M66: 0.29 | O66: =+M66*O61 -> 31260.84
C67: IMPREVISTOS | M67: 0.01 | O67: =+M67*O61 -> 1077.96
C68: UTILIDAD | M68: 0.05 | O68: =+M68*O61 -> 5389.8
C69: SUBTOTAL $ | O69: =SUM(O66:O68) -> 37728.6
C71: Precio Unitario Total Aproximado al peso $ | O71: =ROUND(O69+O61,0) -> 145525
C80: OBSERVACIONES INTERVENTORÍA
C84: APROBACIÓN POR INTERVENTORÍA
C85: Nota 1: Cuando se trate de Análisis de precios unitarios correspondientes a ítems de la propuesta económica aprobada, el Interventor aprueba el desglose de los componentes manteniendo el mismo precio unitario de cada ítem, cumpliendo con las especificaciones de construcción vigentes para el proyecto.
C87: Nota 2: Cuando se trate de Análisis de precios unitarios de ítems no previstos, el Interventor aprueba el desglose y precio unitario de cada ítem no previsto, exigiendo la aplicación de los costos correspondientes a insumos y tarifas de la propuesta económica inicial cuando estén contemplados, cumpliendo con las especificaciones de construcción vigente para el proyecto.
H90: Firma
H91: Nombre:
H92: Representante Legal del Interventor o su Apoderado
H93: Matricula No. :

Sheet 2.8
C3: Formulario 1 - Propuesta económica - Documento tipo de licitación de obra pública de agua potable y saneamiento básico
C4: Código | D4: CCE-EICP-FM-47 | E4: Versión | F4: 1
C6: [La entidad podrá utilizar este formato, o el establecido por la entidad, para la presentación de los análisis de precios unitarios del contratista en la oportunidad prevista en el numeral 8.1. del Documento Base]
D9: ALCALDÍA DEL MUNICIPIO DE MÁLAGA
L10: VERSIÓN
D11: =+PRESUPUESTO!C6 -> PRESUPUESTO OFICIAL OPTIMIZACIÓN DE UN TRAMO DEL COLECTOR DE LA RED DE ALCANTARILLADO SANITARIO UBICADO ENTRE EL BARRIO LA SALLE Y LA PARTE ALTA DE LA VEREDA GUASIMO SECTOR EL TABLÓN DEL MUNICIPIO DE MÁLAGA, SANTANDER
L12: PÁGINA | M12: 1 | N12: DE | O12: 1
D14: ANALISIS DE PRECIOS UNITARIOS
L16: FECHA | M16: DD | N16: MM | O16: AA
C18: ÍTEMS DE LA PROPUESTA ECONÓMICA | G18: X | I18: ÍTEMS NO PREVISTOS
C22: DATOS ESPECÍFICOS
C24: ÍTEM | D24: DESCRIPCIÓN | M24: UNIDAD | O24: CANTIDAD
C25: =+PRESUPUESTO!D25 -> 2.8 | D25: =+PRESUPUESTO!G25 -> INSTALACIÓN Y COMPACTACIÓN DE RELLENO CON MATERIAL PROVENIENTE DE LA EXCAVACIÓN | M25: =+PRESUPUESTO!H25 -> m3 | O25: =+PRESUPUESTO!I25 -> 880.40236
C26: I. EQUIPO
C29: DESCRIPCIÓN | H29: MARCA | J29: TIPO | L29: TARIFA/DIA | M29: RENDIMIENTO | O29: Vr. UNITARIO
C30: Compactador manual (Rana) | L30: =120000 -> 120000 | M30: 14 | O30: =L30/M30 -> 8571.4286
C31: Minicargador | L31: 119000 | M31: 14 | O31: =L31/M31 -> 8500
C32: Herramienta Menor (%) | M32: 0.05 | O32: =+M32*O59 -> 148.9
C33: SUBTOTAL $ | O33: =ROUND(SUM(O30:O32),0) -> 17220
C34: II. MATERIALES
C37: DESCRIPCIÓN | K37: UNIDAD | L37: CANTIDAD | M37: PRECIO UNIT. | O37: Vr. UNITARIO
C43: SUBTOTAL $ | O43: =ROUND(SUM(O38:O42),0) -> 0
C44: III. TRANSPORTES
C47: MATERIAL | J47: VOL. o PESO | K47: DISTANCIA | L47: M3 o Ton/Km | M47: TARIFA | O47: Vr. UNITARIO
C50: SUBTOTAL $ | O50: =ROUND(SUM(O48:O49),0) -> 0
C51: IV. MANO DE OBRA
C54: TRABAJADOR | J54: JORNAL | K54: PRESTACIONES | L54: JORNAL TOTAL | M54: RENDIMIENTO | O54: Vr. UNITARIO
C55: Oficial | J55: =+INSUMOS!Q4 -> 80665.027 | K55: 1.85 | L55: =+K55*J55 -> 149230.3 | M55: =+M30*8 -> 112 | O55: =+L55/M55 -> 1332.4134
C56: Ayudante (2) | J56: =+INSUMOS!Q5*2 -> 99644.973 | K56: 1.85 | L56: =+K56*J56 -> 184343.2 | M56: =+M55 -> 112 | O56: =+L56/M56 -> 1645.9214
C59: SUBTOTAL $ | O59: =ROUND(SUM(O55:O58),0) -> 2978
C61: TOTAL COSTO DIRECTO $ | O61: =ROUND((O59+O50+O43+O33),0) -> 20198
C62: V. COSTOS INDIRECTOS
C65: Descripción | L65: Porcentaje | M65: Valor Total
C66: ADMINISTRACION | M66: 0.29 | O66: =+M66*O61 -> 5857.42
C67: IMPREVISTOS | M67: 0.01 | O67: =+M67*O61 -> 201.98
C68: UTILIDAD | M68: 0.05 | O68: =+M68*O61 -> 1009.9
C69: SUBTOTAL $ | O69: =SUM(O66:O68) -> 7069.3
C71: Precio Unitario Total Aproximado al peso $ | O71: =ROUND(O69+O61,0) -> 27267
C80: OBSERVACIONES INTERVENTORÍA
C84: APROBACIÓN POR INTERVENTORÍA
C85: Nota 1: Cuando se trate de Análisis de precios unitarios correspondientes a ítems de la propuesta económica aprobada, el Interventor aprueba el desglose de los componentes manteniendo el mismo precio unitario de cada ítem, cumpliendo con las especificaciones de construcción vigentes para el proyecto.
C87: Nota 2: Cuando se trate de Análisis de precios unitarios de ítems no previstos, el Interventor aprueba el desglose y precio unitario de cada ítem no previsto, exigiendo la aplicación de los costos correspondientes a insumos y tarifas de la propuesta económica inicial cuando estén contemplados, cumpliendo con las especificaciones de construcción vigente para el proyecto.
H90: Firma
H91: Nombre:
H92: Representante Legal del Interventor o su Apoderado
H93: Matricula No. :

Sheet 2.9
C3: Formulario 1 - Propuesta económica - Documento tipo de licitación de obra pública de agua potable y saneamiento básico
C4: Código | D4: CCE-EICP-FM-47 | E4: Versión | F4: 1
C6: [La entidad podrá utilizar este formato, o el establecido por la entidad, para la presentación de los análisis de precios unitarios del contratista en la oportunidad prevista en el numeral 8.1. del Documento Base]
D9: ALCALDÍA DEL MUNICIPIO DE MÁLAGA
L10: VERSIÓN
D11: =+PRESUPUESTO!C6 -> PRESUPUESTO OFICIAL OPTIMIZACIÓN DE UN TRAMO DEL COLECTOR DE LA RED DE ALCANTARILLADO SANITARIO UBICADO ENTRE EL BARRIO LA SALLE Y LA PARTE ALTA DE LA VEREDA GUASIMO SECTOR EL TABLÓN DEL MUNICIPIO DE MÁLAGA, SANTANDER
L12: PÁGINA | M12: 1 | N12: DE | O12: 1
D14: ANALISIS DE PRECIOS UNITARIOS
L16: FECHA | M16: DD | N16: MM | O16: AA
C18: ÍTEMS DE LA PROPUESTA ECONÓMICA | G18: X | I18: ÍTEMS NO PREVISTOS
C22: DATOS ESPECÍFICOS
C24: ÍTEM | D24: DESCRIPCIÓN | M24: UNIDAD | O24: CANTIDAD
C25: =+PRESUPUESTO!D26 -> 2.9 | D25: =+PRESUPUESTO!G26 -> SUMINISTRO, INSTALACIÓN Y COMPACTACIÓN DE BASE EN ARENA PARA TUBERÍA E:8CM | M25: =+PRESUPUESTO!H26 -> m3 | O25: =+PRESUPUESTO!I26 -> 33.53
C26: I. EQUIPO
C29: DESCRIPCIÓN | H29: MARCA | J29: TIPO | L29: TARIFA/HORA | M29: RENDIMIENTO | O29: Vr. UNITARIO
C30: Compactador manual (Rana) | L30: 15000 | M30: 0.36 | O30: =M30*L30 -> 5400
C32: Herramienta Menor (%) | M32: 0.05 | O32: =+M32*O59 -> 344.85
C33: SUBTOTAL $ | O33: =ROUND(SUM(O30:O32),0) -> 5745
C34: II. MATERIALES
C37: DESCRIPCIÓN | K37: UNIDAD | L37: CANTIDAD | M37: PRECIO UNIT. | O37: Vr. UNITARIO
C38: Arena Fina | K38: m3 | L38: 1.1 | M38: 60000 | O38: =L38*M38 -> 66000
C43: SUBTOTAL $ | O43: =ROUND(SUM(O38:O42),0) -> 66000
C44: III. TRANSPORTES
C47: MATERIAL | J47: VOL. o PESO | K47: DISTANCIA | L47: M3 o Ton/Km | M47: TARIFA | O47: Vr. UNITARIO
C48: Transporte de Material | J48: m3 | K48: 15 | L48: 1 | M48: 1111.1111 | O48: =+M48*L48*K48 -> 16666.667
C50: SUBTOTAL $ | O50: =ROUND(SUM(O48:O49),0) -> 16667
C51: IV. MANO DE OBRA
C54: TRABAJADOR | J54: JORNAL | K54: PRESTACIONES | L54: JORNAL TOTAL | M54: RENDIMIENTO | O54: Vr. UNITARIO
C55: Oficial | J55: =+INSUMOS!Q4 -> 80665.027 | K55: 1.85 | L55: =+K55*J55 -> 149230.3 | M55: 35 | O55: =+L55/M55 -> 4263.7229
C56: Ayudante | J56: =+INSUMOS!Q5*1 -> 49822.486 | K56: 1.85 | L56: =+K56*J56 -> 92171.6 | M56: 35 | O56: =+L56/M56 -> 2633.4743
C59: SUBTOTAL $ | O59: =ROUND(SUM(O55:O58),0) -> 6897
C61: TOTAL COSTO DIRECTO $ | O61: =ROUND((O59+O50+O43+O33),0) -> 95309
C62: V. COSTOS INDIRECTOS
C65: Descripción | L65: Porcentaje | M65: Valor Total
C66: ADMINISTRACION | M66: 0.29 | O66: =+M66*O61 -> 27639.61
C67: IMPREVISTOS | M67: 0.01 | O67: =+M67*O61 -> 953.09
C68: UTILIDAD | M68: 0.05 | O68: =+M68*O61 -> 4765.45
C69: SUBTOTAL $ | O69: =SUM(O66:O68) -> 33358.15
C71: Precio Unitario Total Aproximado al peso $ | O71: =ROUND(O69+O61,0) -> 128667
C80: OBSERVACIONES INTERVENTORÍA
C84: APROBACIÓN POR INTERVENTORÍA
C85: Nota 1: Cuando se trate de Análisis de precios unitarios correspondientes a ítems de la propuesta económica aprobada, el Interventor aprueba el desglose de los componentes manteniendo el mismo precio unitario de cada ítem, cumpliendo con las especificaciones de construcción vigentes para el proyecto.
C87: Nota 2: Cuando se trate de Análisis de precios unitarios de ítems no previstos, el Interventor aprueba el desglose y precio unitario de cada ítem no previsto, exigiendo la aplicación de los costos correspondientes a insumos y tarifas de la propuesta económica inicial cuando estén contemplados, cumpliendo con las especificaciones de construcción vigente para el proyecto.
H90: Firma
H91: Nombre:
H92: Representante Legal del Interventor o su Apoderado
H93: Matricula No. :

Sheet 2.10
C3: Formulario 1 - Propuesta económica - Documento tipo de licitación de obra pública de agua potable y saneamiento básico
C4: Código | D4: CCE-EICP-FM-47 | E4: Versión | F4: 1
C6: [La entidad podrá utilizar este formato, o el establecido por la entidad, para la presentación de los análisis de precios unitarios del contratista en la oportunidad prevista en el numeral 8.1. del Documento Base]
D9: ALCALDÍA DEL MUNICIPIO DE MÁLAGA
L10: VERSIÓN
D11: =+PRESUPUESTO!C6 -> PRESUPUESTO OFICIAL OPTIMIZACIÓN DE UN TRAMO DEL COLECTOR DE LA RED DE ALCANTARILLADO SANITARIO UBICADO ENTRE EL BARRIO LA SALLE Y LA PARTE ALTA DE LA VEREDA GUASIMO SECTOR EL TABLÓN DEL MUNICIPIO DE MÁLAGA, SANTANDER
L12: PÁGINA | M12: 1 | N12: DE | O12: 1
D14: ANALISIS DE PRECIOS UNITARIOS
L16: FECHA | M16: DD | N16: MM | O16: AA
C18: ÍTEMS DE LA PROPUESTA ECONÓMICA | G18: X | I18: ÍTEMS NO PREVISTOS
C22: DATOS ESPECÍFICOS
C24: ÍTEM | D24: DESCRIPCIÓN | M24: UNIDAD | O24: CANTIDAD
C25: =+PRESUPUESTO!D27 -> 2.10 | D25: =+PRESUPUESTO!G27 -> SUMINISTRO E INSTALACIÓN DE MARCOS DE AROS Y TAPAS EN HIERRO FUNDIDO Y NÚCLEO EN CONCRETO PARA POZOS DE INSPECCIÓN. DIÁMETRO 67 CM | M25: =+PRESUPUESTO!H27 -> und | O25: =+PRESUPUESTO!I27 -> 14
C26: I. EQUIPO
C29: DESCRIPCIÓN | H29: MARCA | J29: TIPO | L29: TARIFA/HORA | M29: RENDIMIENTO | O29: Vr. UNITARIO
C32: Herramienta Menor (%) | M32: 0.05 | O32: =+M32*O59 -> 1005.85
C33: SUBTOTAL $ | O33: =ROUND(SUM(O30:O32),0) -> 1006
C34: II. MATERIALES
C37: DESCRIPCIÓN | K37: UNIDAD | L37: CANTIDAD | M37: PRECIO UNIT. | O37: Vr. UNITARIO
C38: MARCOS DE AROS Y TAPAS EN HIERRO FUNDIDO Y NUCLEO EN CONCRETO PARA POZOS DE INSPECCIÓN. | K38: und | L38: 1 | M38: =+INSUMOS!O40 -> 536855 | O38: =L38*M38 -> 536855
C43: SUBTOTAL $ | O43: =ROUND(SUM(O38:O42),0) -> 536855
C44: III. TRANSPORTES
C47: MATERIAL | J47: VOL. o PESO | K47: DISTANCIA | L47: M3 o Ton/Km | M47: TARIFA | O47: Vr. UNITARIO
C50: SUBTOTAL $ | O50: =ROUND(SUM(O48:O49),0) -> 0
C51: IV. MANO DE OBRA
C54: TRABAJADOR | J54: JORNAL | K54: PRESTACIONES | L54: JORNAL TOTAL | M54: RENDIMIENTO | O54: Vr. UNITARIO
C55: Oficial | J55: =+INSUMOS!Q4 -> 80665.027 | K55: 1.85 | L55: =+K55*J55 -> 149230.3 | M55: 12 | O55: =+L55/M55 -> 12435.858
C56: Ayudante | J56: =+INSUMOS!Q5*1 -> 49822.486 | K56: 1.85 | L56: =+K56*J56 -> 92171.6 | M56: 12 | O56: =+L56/M56 -> 7680.9667
C59: SUBTOTAL $ | O59: =ROUND(SUM(O55:O58),0) -> 20117
C61: TOTAL COSTO DIRECTO $ | O61: =ROUND((O59+O50+O43+O33),0) -> 557978
C62: V. COSTOS INDIRECTOS
C65: Descripción | L65: Porcentaje | M65: Valor Total
C66: ADMINISTRACION | M66: 0.29 | O66: =+M66*O61 -> 161813.62
C67: IMPREVISTOS | M67: 0.01 | O67: =+M67*O61 -> 5579.78
C68: UTILIDAD | M68: 0.05 | O68: =+M68*O61 -> 27898.9
C69: SUBTOTAL $ | O69: =SUM(O66:O68) -> 195292.3
C71: Precio Unitario Total Aproximado al peso $ | O71: =ROUND(O69+O61,0) -> 753270
C80: OBSERVACIONES INTERVENTORÍA
C84: APROBACIÓN POR INTERVENTORÍA
C85: Nota 1: Cuando se trate de Análisis de precios unitarios correspondientes a ítems de la propuesta económica aprobada, el Interventor aprueba el desglose de los componentes manteniendo el mismo precio unitario de cada ítem, cumpliendo con las especificaciones de construcción vigentes para el proyecto.
C87: Nota 2: Cuando se trate de Análisis de precios unitarios de ítems no previstos, el Interventor aprueba el desglose y precio unitario de cada ítem no previsto, exigiendo la aplicación de los costos correspondientes a insumos y tarifas de la propuesta económica inicial cuando estén contemplados, cumpliendo con las especificaciones de construcción vigente para el proyecto.
H90: Firma
H91: Nombre:
H92: Representante Legal del Interventor o su Apoderado
H93: Matricula No. :

Sheet 2.11
C3: Formulario 1 - Propuesta económica - Documento tipo de licitación de obra pública de agua potable y saneamiento básico
C4: Código | D4: CCE-EICP-FM-47 | E4: Versión | F4: 1
C6: [La entidad podrá utilizar este formato, o el establecido por la entidad, para la presentación de los análisis de precios unitarios del contratista en la oportunidad prevista en el numeral 8.1. del Documento Base]
D9: ALCALDÍA DEL MUNICIPIO DE MÁLAGA
L10: VERSIÓN
D11: =+PRESUPUESTO!C6 -> PRESUPUESTO OFICIAL OPTIMIZACIÓN DE UN TRAMO DEL COLECTOR DE LA RED DE ALCANTARILLADO SANITARIO UBICADO ENTRE EL BARRIO LA SALLE Y LA PARTE ALTA DE LA VEREDA GUASIMO SECTOR EL TABLÓN DEL MUNICIPIO DE MÁLAGA, SANTANDER
L12: PÁGINA | M12: 1 | N12: DE | O12: 1
D14: ANALISIS DE PRECIOS UNITARIOS
L16: FECHA | M16: DD | N16: MM | O16: AA
C18: ÍTEMS DE LA PROPUESTA ECONÓMICA | G18: X | I18: ÍTEMS NO PREVISTOS
C22: DATOS ESPECÍFICOS
C24: ÍTEM | D24: DESCRIPCIÓN | M24: UNIDAD | O24: CANTIDAD
C25: =+PRESUPUESTO!D28 -> 2.11 | D25: =+PRESUPUESTO!G28 -> CONSTRUCCIÓN DE ATRAQUES EN CONCRETO 2000 PSI PARA TUBERÍA | M25: =+PRESUPUESTO!H28 -> m3 | O25: =+PRESUPUESTO!I28 -> 3.46
C26: I. EQUIPO
C29: DESCRIPCIÓN | H29: MARCA | J29: TIPO | L29: TARIFA/HORA | M29: RENDIMIENTO | O29: Vr. UNITARIO
C32: Herramienta Menor (%) | M32: 0.05 | O32: =+M32*O59 -> 1005.85
C33: SUBTOTAL $ | O33: =ROUND(SUM(O30:O32),0) -> 1006
C34: II. MATERIALES
C37: DESCRIPCIÓN | K37: UNIDAD | L37: CANTIDAD | M37: PRECIO UNIT. | O37: Vr. UNITARIO
C38: CONCRETO 2000 PSI | K38: und | L38: 1.05 | M38: =+INSUMOS!O59 -> 458217 | O38: =L38*M38 -> 481127.85
C43: SUBTOTAL $ | O43: =ROUND(SUM(O38:O42),0) -> 481128
C44: III. TRANSPORTES
C47: MATERIAL | J47: VOL. o PESO | K47: DISTANCIA | L47: ML o Ton/Km | M47: TARIFA | O47: Vr. UNITARIO
C50: SUBTOTAL $ | O50: =ROUND(SUM(O48:O49),0) -> 0
C51: IV. MANO DE OBRA
C54: TRABAJADOR | J54: JORNAL | K54: PRESTACIONES | L54: JORNAL TOTAL | M54: RENDIMIENTO | O54: Vr. UNITARIO
C55: Oficial | J55: =+INSUMOS!Q4 -> 80665.027 | K55: 1.85 | L55: =+K55*J55 -> 149230.3 | M55: 12 | O55: =+L55/M55 -> 12435.858
C56: Ayudante | J56: =+INSUMOS!Q5*1 -> 49822.486 | K56: 1.85 | L56: =+K56*J56 -> 92171.6 | M56: 12 | O56: =+L56/M56 -> 7680.9667
C59: SUBTOTAL $ | O59: =ROUND(SUM(O55:O58),0) -> 20117
C61: TOTAL COSTO DIRECTO $ | O61: =ROUND((O59+O50+O43+O33),0) -> 502251
C62: V. COSTOS INDIRECTOS
C65: Descripción | L65: Porcentaje | M65: Valor Total
C66: ADMINISTRACION | M66: 0.29 | O66: =+M66*O61 -> 145652.79
C67: IMPREVISTOS | M67: 0.01 | O67: =+M67*O61 -> 5022.51
C68: UTILIDAD | M68: 0.05 | O68: =+M68*O61 -> 25112.55
C69: SUBTOTAL $ | O69: =SUM(O66:O68) -> 175787.85
C71: Precio Unitario Total Aproximado al peso $ | O71: =ROUND(O69+O61,0) -> 678039
C80: OBSERVACIONES INTERVENTORÍA
C84: APROBACIÓN POR INTERVENTORÍA
C85: Nota 1: Cuando se trate de Análisis de precios unitarios correspondientes a ítems de la propuesta económica aprobada, el Interventor aprueba el desglose de los componentes manteniendo el mismo precio unitario de cada ítem, cumpliendo con las especificaciones de construcción vigentes para el proyecto.
C87: Nota 2: Cuando se trate de Análisis de precios unitarios de ítems no previstos, el Interventor aprueba el desglose y precio unitario de cada ítem no previsto, exigiendo la aplicación de los costos correspondientes a insumos y tarifas de la propuesta económica inicial cuando estén contemplados, cumpliendo con las especificaciones de construcción vigente para el proyecto.
H90: Firma
H91: Nombre:
H92: Representante Legal del Interventor o su Apoderado
H93: Matricula No. :

Sheet 3.1
C3: Formulario 1 - Propuesta económica - Documento tipo de licitación de obra pública de agua potable y saneamiento básico
C4: Código | D4: CCE-EICP-FM-47 | E4: Versión | F4: 1
C6: [La entidad podrá utilizar este formato, o el establecido por la entidad, para la presentación de los análisis de precios unitarios del contratista en la oportunidad prevista en el numeral 8.1. del Documento Base]
D9: ALCALDÍA DEL MUNICIPIO DE MÁLAGA
L10: VERSIÓN
D11: =+PRESUPUESTO!C6 -> PRESUPUESTO OFICIAL OPTIMIZACIÓN DE UN TRAMO DEL COLECTOR DE LA RED DE ALCANTARILLADO SANITARIO UBICADO ENTRE EL BARRIO LA SALLE Y LA PARTE ALTA DE LA VEREDA GUASIMO SECTOR EL TABLÓN DEL MUNICIPIO DE MÁLAGA, SANTANDER
L12: PÁGINA | M12: 1 | N12: DE | O12: 1
D14: ANALISIS DE PRECIOS UNITARIOS
L16: FECHA | M16: DD | N16: MM | O16: AA
C18: ÍTEMS DE LA PROPUESTA ECONÓMICA | G18: X | I18: ÍTEMS NO PREVISTOS
C22: DATOS ESPECÍFICOS
C24: ÍTEM | D24: DESCRIPCIÓN | M24: UNIDAD | O24: CANTIDAD
C25: =+PRESUPUESTO!D31 -> 3.1 | D25: =+PRESUPUESTO!G31 -> EXCAVACIÓN MANUAL EN MATERIAL COMÚN PARA INSTALACIÓN DE TUBERÍA DOMICILIARIAS | M25: =+PRESUPUESTO!H31 -> m3 | O25: =+PRESUPUESTO!I31 -> 50.4
C26: I. EQUIPO
C29: DESCRIPCIÓN | H29: MARCA | J29: TIPO | L29: TARIFA/HORA | M29: RENDIMIENTO | O29: Vr. UNITARIO
C32: Herramienta Menor (%) | M32: 0.05 | O32: =+M32*O58 -> 2084.85
C33: SUBTOTAL $ | O33: =ROUND(SUM(O30:O32),0) -> 2085
C34: II. MATERIALES
C37: DESCRIPCIÓN | K37: UNIDAD | L37: CANTIDAD | M37: PRECIO UNIT. | O37: Vr. UNITARIO
C42: SUBTOTAL $ | O42: =SUM(O38:O41) -> 0
C43: III. TRANSPORTES
C46: MATERIAL | J46: VOL. o PESO | K46: DISTANCIA | L46: M3 o Ton/Km | M46: TARIFA | O46: Vr. UNITARIO
C49: SUBTOTAL $ | O49: =ROUND(SUM(O47:O48),0) -> 0
C50: IV. MANO DE OBRA
C53: TRABAJADOR | J53: JORNAL | K53: PRESTACIONES | L53: JORNAL TOTAL | M53: RENDIMIENTO | O53: Vr. UNITARIO
C54: Oficial | J54: =+INSUMOS!Q4 -> 80665.027 | K54: 1.85 | L54: =+K54*J54 -> 149230.3 | M54: 8 | O54: =+L54/M54 -> 18653.787
C55: Ayudante (2) | J55: =+INSUMOS!Q5*2 -> 99644.973 | K55: 1.85 | L55: =+K55*J55 -> 184343.2 | M55: 8 | O55: =+L55/M55 -> 23042.9
C58: SUBTOTAL $ | O58: =ROUND(SUM(O54:O57),0) -> 41697
C60: TOTAL COSTO DIRECTO $ | O60: =ROUND((O58+O49+O42+O33),0) -> 43782
C61: V. COSTOS INDIRECTOS
C64: Descripción | L64: Porcentaje | M64: Valor Total
C65: ADMINISTRACION | M65: 0.29 | O65: =+M65*O60 -> 12696.78
C66: IMPREVISTOS | M66: 0.01 | O66: =+M66*O60 -> 437.82
C67: UTILIDAD | M67: 0.05 | O67: =+M67*O60 -> 2189.1
C68: SUBTOTAL $ | O68: =SUM(O65:O67) -> 15323.7
C70: Precio Unitario Total Aproximado al peso $ | O70: =ROUND(O68+O60,0) -> 59106
C79: OBSERVACIONES INTERVENTORÍA
C83: APROBACIÓN POR INTERVENTORÍA
C84: Nota 1: Cuando se trate de Análisis de precios unitarios correspondientes a ítems de la propuesta económica aprobada, el Interventor aprueba el desglose de los componentes manteniendo el mismo precio unitario de cada ítem, cumpliendo con las especificaciones de construcción vigentes para el proyecto.
C86: Nota 2: Cuando se trate de Análisis de precios unitarios de ítems no previstos, el Interventor aprueba el desglose y precio unitario de cada ítem no previsto, exigiendo la aplicación de los costos correspondientes a insumos y tarifas de la propuesta económica inicial cuando estén contemplados, cumpliendo con las especificaciones de construcción vigente para el proyecto.
H89: Firma
H90: Nombre:
H91: Representante Legal del Interventor o su Apoderado
H92: Matricula No. :

Sheet 3.2
C3: Formulario 1 - Propuesta económica - Documento tipo de licitación de obra pública de agua potable y saneamiento básico
C4: Código | D4: CCE-EICP-FM-47 | E4: Versión | F4: 1
C6: [La entidad podrá utilizar este formato, o el establecido por la entidad, para la presentación de los análisis de precios unitarios del contratista en la oportunidad prevista en el numeral 8.1. del Documento Base]
D9: ALCALDÍA DEL MUNICIPIO DE MÁLAGA
L10: VERSIÓN
D11: =+PRESUPUESTO!C6 -> PRESUPUESTO OFICIAL OPTIMIZACIÓN DE UN TRAMO DEL COLECTOR DE LA RED DE ALCANTARILLADO SANITARIO UBICADO ENTRE EL BARRIO LA SALLE Y LA PARTE ALTA DE LA VEREDA GUASIMO SECTOR EL TABLÓN DEL MUNICIPIO DE MÁLAGA, SANTANDER
L12: PÁGINA | M12: 1 | N12: DE | O12: 1
D14: ANALISIS DE PRECIOS UNITARIOS
L16: FECHA | M16: DD | N16: MM | O16: AA
C18: ÍTEMS DE LA PROPUESTA ECONÓMICA | G18: X | I18: ÍTEMS NO PREVISTOS
C22: DATOS ESPECÍFICOS
C24: ÍTEM | D24: DESCRIPCIÓN | M24: UNIDAD | O24: CANTIDAD
C25: =+PRESUPUESTO!D20 -> 2.3 | D25: =+PRESUPUESTO!G20 -> SUMINISTRO E INSTALACIÓN DE TUBERÍA PVC SANITARIA CORRUGADA Ø 14PULG-350mm X6m PARA CÁMARAS DE CAÍDA | M25: =+PRESUPUESTO!H20 -> ml | O25: =+PRESUPUESTO!I20 -> 24
C26: I. EQUIPO
C29: DESCRIPCIÓN | H29: MARCA | J29: TIPO | L29: TARIFA/HORA | M29: RENDIMIENTO | O29: Vr. UNITARIO
C32: Herramienta Menor (%) | M32: 0.05 | O32: =+M32*O58 -> 431.05
C33: SUBTOTAL $ | O33: =ROUND(SUM(O30:O32),0) -> 431
C34: II. MATERIALES
C37: DESCRIPCIÓN | K37: UNIDAD | L37: CANTIDAD | M37: PRECIO UNIT. | O37: Vr. UNITARIO
C38: Tuberia Novafort alcantarillado 6 pulg-160MM X 6 m | K38: ml | L38: 1.05 | M38: =VLOOKUP(C38,[212]INSUMOS!$C$28:$O$59,13,FALSE) -> 33811 | O38: =L38*M38 -> 35501.55
C39: Lubricante para tubería x 500 gramos | K39: gramos | L39: 0.099 | M39: 32222 | O39: =+M39*L39 -> 3189.978
C40: Unión Novafort 6 pulg-160mm | K40: und | L40: 0.1 | M40: 41800 | O40: =+M40*L40 -> 4180
C42: SUBTOTAL $ | O42: =SUM(O38:O41) -> 42871.528
C43: III. TRANSPORTES
C46: MATERIAL | J46: VOL. o PESO | K46: DISTANCIA | L46: ML o Ton/Km | M46: TARIFA | O46: Vr. UNITARIO
C49: SUBTOTAL $ | O49: =ROUND(SUM(O47:O48),0) -> 0
C50: IV. MANO DE OBRA
C53: TRABAJADOR | J53: JORNAL | K53: PRESTACIONES | L53: JORNAL TOTAL | M53: RENDIMIENTO | O53: Vr. UNITARIO
C54: Oficial | J54: =+INSUMOS!Q4 -> 80665.027 | K54: 1.85 | L54: =+K54*J54 -> 149230.3 | M54: 28 | O54: =+L54/M54 -> 5329.6536
C55: Ayudante | J55: =+INSUMOS!Q5*1 -> 49822.486 | K55: 1.85 | L55: =+K55*J55 -> 92171.6 | M55: 28 | O55: =+L55/M55 -> 3291.8429
C58: SUBTOTAL $ | O58: =ROUND(SUM(O54:O57),0) -> 8621
C60: TOTAL COSTO DIRECTO $ | O60: =ROUND((O58+O49+O42+O33),0) -> 51924
C61: V. COSTOS INDIRECTOS
C64: Descripción | L64: Porcentaje | M64: Valor Total
C65: ADMINISTRACION | M65: 0.29 | O65: =+M65*O60 -> 15057.96
C66: IMPREVISTOS | M66: 0.01 | O66: =+M66*O60 -> 519.24
C67: UTILIDAD | M67: 0.05 | O67: =+M67*O60 -> 2596.2
C68: SUBTOTAL $ | O68: =SUM(O65:O67) -> 18173.4
C70: Precio Unitario Total Aproximado al peso $ | O70: =ROUND(O68+O60,0) -> 70097
C79: OBSERVACIONES INTERVENTORÍA
C83: APROBACIÓN POR INTERVENTORÍA
C84: Nota 1: Cuando se trate de Análisis de precios unitarios correspondientes a ítems de la propuesta económica aprobada, el Interventor aprueba el desglose de los componentes manteniendo el mismo precio unitario de cada ítem, cumpliendo con las especificaciones de construcción vigentes para el proyecto.
C86: Nota 2: Cuando se trate de Análisis de precios unitarios de ítems no previstos, el Interventor aprueba el desglose y precio unitario de cada ítem no previsto, exigiendo la aplicación de los costos correspondientes a insumos y tarifas de la propuesta económica inicial cuando estén contemplados, cumpliendo con las especificaciones de construcción vigente para el proyecto.
H89: Firma
H90: Nombre:
H91: Representante Legal del Interventor o su Apoderado
H92: Matricula No. :

Sheet 3.3
C3: Formulario 1 - Propuesta económica - Documento tipo de licitación de obra pública de agua potable y saneamiento básico
C4: Código | D4: CCE-EICP-FM-47 | E4: Versión | F4: 1
C6: [La entidad podrá utilizar este formato, o el establecido por la entidad, para la presentación de los análisis de precios unitarios del contratista en la oportunidad prevista en el numeral 8.1. del Documento Base]
D9: ALCALDÍA DEL MUNICIPIO DE MÁLAGA
L10: VERSIÓN
D11: =+PRESUPUESTO!C6 -> PRESUPUESTO OFICIAL OPTIMIZACIÓN DE UN TRAMO DEL COLECTOR DE LA RED DE ALCANTARILLADO SANITARIO UBICADO ENTRE EL BARRIO LA SALLE Y LA PARTE ALTA DE LA VEREDA GUASIMO SECTOR EL TABLÓN DEL MUNICIPIO DE MÁLAGA, SANTANDER
L12: PÁGINA | M12: 1 | N12: DE | O12: 1
D14: ANALISIS DE PRECIOS UNITARIOS
L16: FECHA | M16: DD | N16: MM | O16: AA
C18: ÍTEMS DE LA PROPUESTA ECONÓMICA | G18: X | I18: ÍTEMS NO PREVISTOS
C22: DATOS ESPECÍFICOS
C24: ÍTEM | D24: DESCRIPCIÓN | M24: UNIDAD | O24: CANTIDAD
C25: =+PRESUPUESTO!D33 -> 3.3 | D25: =+PRESUPUESTO!G33 -> CONSTRUCCIÓN DE CAJAS DOMICILIARIAS 80X80X80 CM INCLUYE TAPA EN CONCRETO | M25: =+PRESUPUESTO!H33 -> und | O25: =+PRESUPUESTO!I33 -> 7
C26: I. EQUIPO
C29: DESCRIPCIÓN | H29: MARCA | J29: TIPO | L29: TARIFA/HORA | M29: RENDIMIENTO | O29: Vr. UNITARIO
C32: Herramienta Menor (%) | M32: 0.05 | O32: =+M32*O59 -> 4023.35
C33: SUBTOTAL $ | O33: =ROUND(SUM(O30:O32),0) -> 4023
C34: II. MATERIALES
C37: DESCRIPCIÓN | K37: UNIDAD | L37: CANTIDAD | M37: PRECIO UNIT. | O37: Vr. UNITARIO
C38: Ladrillo Tolete (incluye trasnporte) | K38: und | L38: 128 | M38: =VLOOKUP(C38,INSUMOS!C28:O57,13,FALSE) -> 1010 | O38: =L38*M38 -> 129280
C39: Acero PDR-60 | K39: kg | L39: 4 | M39: =VLOOKUP(C39,INSUMOS!C28:O59,13,FALSE) -> 4710 | O39: =+M39*L39 -> 18840
C40: Concreto resistencia 21 MPA | K40: m3 | L40: 0.13 | M40: =+'CON 21 MPA'!N56 -> 516548 | O40: =+M40*L40 -> 67151.24
C41: Mortero1:3 | K41: m3 | L41: 0.046 | M41: =+'MORTERO 1-3'!N53 -> 528106 | O41: =+M41*L41 -> 24292.876
C43: SUBTOTAL $ | O43: =ROUND(SUM(O38:O42),0) -> 239564
C44: III. TRANSPORTES
C47: MATERIAL | J47: VOL. o PESO | K47: DISTANCIA | L47: ML o Ton/Km | M47: TARIFA | O47: Vr. UNITARIO
C50: SUBTOTAL $ | O50: =ROUND(SUM(O48:O49),0) -> 0
C51: IV. MANO DE OBRA
C54: TRABAJADOR | J54: JORNAL | K54: PRESTACIONES | L54: JORNAL TOTAL | M54: RENDIMIENTO | O54: Vr. UNITARIO
C55: Oficial | J55: =+INSUMOS!Q4 -> 80665.027 | K55: 1.85 | L55: =+K55*J55 -> 149230.3 | M55: 3 | O55: =+L55/M55 -> 49743.433
C56: Ayudante | J56: =+INSUMOS!Q5*1 -> 49822.486 | K56: 1.85 | L56: =+K56*J56 -> 92171.6 | M56: 3 | O56: =+L56/M56 -> 30723.867
C59: SUBTOTAL $ | O59: =ROUND(SUM(O55:O58),0) -> 80467
C61: TOTAL COSTO DIRECTO $ | O61: =ROUND((O59+O50+O43+O33),0) -> 324054
C62: V. COSTOS INDIRECTOS
C65: Descripción | L65: Porcentaje | M65: Valor Total
C66: ADMINISTRACION | M66: 0.29 | O66: =+M66*O61 -> 93975.66
C67: IMPREVISTOS | M67: 0.01 | O67: =+M67*O61 -> 3240.54
C68: UTILIDAD | M68: 0.05 | O68: =+M68*O61 -> 16202.7
C69: SUBTOTAL $ | O69: =SUM(O66:O68) -> 113418.9
C71: Precio Unitario Total Aproximado al peso $ | O71: =ROUND(O69+O61,0) -> 437473
C80: OBSERVACIONES INTERVENTORÍA
C84: APROBACIÓN POR INTERVENTORÍA
C85: Nota 1: Cuando se trate de Análisis de precios unitarios correspondientes a ítems de la propuesta económica aprobada, el Interventor aprueba el desglose de los componentes manteniendo el mismo precio unitario de cada ítem, cumpliendo con las especificaciones de construcción vigentes para el proyecto.
C87: Nota 2: Cuando se trate de Análisis de precios unitarios de ítems no previstos, el Interventor aprueba el desglose y precio unitario de cada ítem no previsto, exigiendo la aplicación de los costos correspondientes a insumos y tarifas de la propuesta económica inicial cuando estén contemplados, cumpliendo con las especificaciones de construcción vigente para el proyecto.
H90: Firma
H91: Nombre:
H92: Representante Legal del Interventor o su Apoderado
H93: Matricula No. :

Sheet 3.4
C3: Formulario 1 - Propuesta económica - Documento tipo de licitación de obra pública de agua potable y saneamiento básico
C4: Código | D4: CCE-EICP-FM-47 | E4: Versión | F4: 1
C6: [La entidad podrá utilizar este formato, o el establecido por la entidad, para la presentación de los análisis de precios unitarios del contratista en la oportunidad prevista en el numeral 8.1. del Documento Base]
D9: ALCALDÍA DEL MUNICIPIO DE MÁLAGA
L10: VERSIÓN
D11: =+PRESUPUESTO!C6 -> PRESUPUESTO OFICIAL OPTIMIZACIÓN DE UN TRAMO DEL COLECTOR DE LA RED DE ALCANTARILLADO SANITARIO UBICADO ENTRE EL BARRIO LA SALLE Y LA PARTE ALTA DE LA VEREDA GUASIMO SECTOR EL TABLÓN DEL MUNICIPIO DE MÁLAGA, SANTANDER
L12: PÁGINA | M12: 1 | N12: DE | O12: 1
D14: ANALISIS DE PRECIOS UNITARIOS
L16: FECHA | M16: DD | N16: MM | O16: AA
C18: ÍTEMS DE LA PROPUESTA ECONÓMICA | G18: X | I18: ÍTEMS NO PREVISTOS
C22: DATOS ESPECÍFICOS
C24: ÍTEM | D24: DESCRIPCIÓN | M24: UNIDAD | O24: CANTIDAD
C25: =+PRESUPUESTO!D34 -> 3.4 | D25: =+PRESUPUESTO!G34 -> SUMINISTRO, INSTALACIÓN Y COMPACTACIÓN DE RELLENO EN RECEBO TAMAÑO MÁXIMO 1". | M25: =+PRESUPUESTO!H34 -> m3 | O25: =+PRESUPUESTO!I34 -> 50.4
C26: I. EQUIPO
C29: DESCRIPCIÓN | H29: MARCA | J29: TIPO | L29: TARIFA/HORA | M29: RENDIMIENTO | O29: Vr. UNITARIO
C30: Compactador manual (Rana) | L30: 15000 | M30: 0.36 | O30: =M30*L30 -> 5400
C32: Herramienta Menor (%) | M32: 0.05 | O32: =+M32*O59 -> 1005.85
C33: SUBTOTAL $ | O33: =ROUND(SUM(O30:O32),0) -> 6406
C34: II. MATERIALES
C37: DESCRIPCIÓN | K37: UNIDAD | L37: CANTIDAD | M37: PRECIO UNIT. | O37: Vr. UNITARIO
C38: Recebo Tamaño maximo 1" | K38: m3 | L38: 1.2 | M38: =VLOOKUP(C38,INSUMOS!C28:O59,13,FALSE) -> 53838.384 | O38: =L38*M38 -> 64606.061
C43: SUBTOTAL $ | O43: =ROUND(SUM(O38:O42),0) -> 64606
C44: III. TRANSPORTES
C47: MATERIAL | J47: VOL. o PESO | K47: DISTANCIA | L47: M3 o Ton/Km | M47: TARIFA | O47: Vr. UNITARIO
C48: Transporte de Material | J48: m3 | K48: 15 | L48: 1 | M48: 1111.1111 | O48: =+M48*L48*K48 -> 16666.667
C50: SUBTOTAL $ | O50: =ROUND(SUM(O48:O49),0) -> 16667
C51: IV. MANO DE OBRA
C54: TRABAJADOR | J54: JORNAL | K54: PRESTACIONES | L54: JORNAL TOTAL | M54: RENDIMIENTO | O54: Vr. UNITARIO
C55: Oficial | J55: =+INSUMOS!Q4 -> 80665.027 | K55: 1.85 | L55: =+K55*J55 -> 149230.3 | M55: 12 | O55: =+L55/M55 -> 12435.858
C56: Ayudante | J56: =+INSUMOS!Q5*1 -> 49822.486 | K56: 1.85 | L56: =+K56*J56 -> 92171.6 | M56: 12 | O56: =+L56/M56 -> 7680.9667
C59: SUBTOTAL $ | O59: =ROUND(SUM(O55:O58),0) -> 20117
C61: TOTAL COSTO DIRECTO $ | O61: =ROUND((O59+O50+O43+O33),0) -> 107796
C62: V. COSTOS INDIRECTOS
C65: Descripción | L65: Porcentaje | M65: Valor Total
C66: ADMINISTRACION | M66: 0.29 | O66: =+M66*O61 -> 31260.84
C67: IMPREVISTOS | M67: 0.01 | O67: =+M67*O61 -> 1077.96
C68: UTILIDAD | M68: 0.05 | O68: =+M68*O61 -> 5389.8
C69: SUBTOTAL $ | O69: =SUM(O66:O68) -> 37728.6
C71: Precio Unitario Total Aproximado al peso $ | O71: =ROUND(O69+O61,0) -> 145525
C80: OBSERVACIONES INTERVENTORÍA
C84: APROBACIÓN POR INTERVENTORÍA
C85: Nota 1: Cuando se trate de Análisis de precios unitarios correspondientes a ítems de la propuesta económica aprobada, el Interventor aprueba el desglose de los componentes manteniendo el mismo precio unitario de cada ítem, cumpliendo con las especificaciones de construcción vigentes para el proyecto.
C87: Nota 2: Cuando se trate de Análisis de precios unitarios de ítems no previstos, el Interventor aprueba el desglose y precio unitario de cada ítem no previsto, exigiendo la aplicación de los costos correspondientes a insumos y tarifas de la propuesta económica inicial cuando estén contemplados, cumpliendo con las especificaciones de construcción vigente para el proyecto.
H90: Firma
H91: Nombre:
H92: Representante Legal del Interventor o su Apoderado
H93: Matricula No. :

Sheet INSUMOS
E1: PROVEEDOR
B2: ITEM | C2: DESCRIPCIÓN INSUMO | D2: UNIDAD | E2: LA PLAMERA VALOR M3 | F2: FERRETERIA GONZALES | G2: FERRETERIA DISTRIHIERROS | H2: ALDIA | I2: FERRETERIA FORERO S.A FF SOLUCIONES | J2: HOMECENTER | K2: FERRETERIA EL PALUSTRE | L2: INTER ELECTRICAS | M2: PROMEDIO VALOR UNITARIO | N2: TRANSPORTE M3/KM | O2: VALOR UNITARIO TOTAL | P2: VALOR UNITARIO CON PRESTACIONES | Q2: VALOR UNITARIO SIN PRESTACIONES
B3: 1 | C3: MANO DE OBRA
B4: 1.01 | C4: OFICIAL | D4: JORNAL | P4: 149230.3 | Q4: =+P4/1.85 -> 80665.027
B5: 1.02 | C5: AYUDANTE | D5: JORNAL | P5: 92171.6 | Q5: =+P5/1.85 -> 49822.486
B6: 1.03 | C6: OBRERO | D6: JORNAL | P6: 80168 | Q6: =+P6/1.85 -> 43334.054
B7: 1.04 | C7: CADENERO | D7: JORNAL | P7: 100949.9 | Q7: =+P7/1.85 -> 54567.514
B9: 2 | C9: MATERIALES PETREOS
B10: 2001 | C10: GRAVA 1/2" | D10: M3 | E10: 83300 | M10: =AVERAGE(E10:K10) -> 83300 | N10: =40000/36 -> 1111.1111 | O10: =M10 -> 83300
B11: 2002 | C11: GRAVA 3/4" | D11: M3 | E11: 77350 | M11: =AVERAGE(E11:K11) -> 77350 | O11: =M11 -> 77350
B12: 2003 | C12: ARENA LAVADA | D12: M3 | E12: 83300 | M12: =AVERAGE(E12:K12) -> 83300 | O12: =M12 -> 83300
B13: 2004 | C13: ARENA DE PEÑA | D13: M3 | E13: 107100 | M13: =AVERAGE(E13:K13) -> 107100 | O13: =M13 -> 107100
B14: 2005 | C14: SUBBASE | D14: M3 | E14: 77350 | M14: =AVERAGE(E14:K14) -> 77350 | O14: =M14 -> 77350
B15: 2006 | C15: BASE | D15: M3 | E15: 80920 | M15: =AVERAGE(E15:K15) -> 80920 | O15: =M15 -> 80920
B16: 2007 | C16: PIEDRA FILTRO | D16: M3 | E16: 77350 | M16: =AVERAGE(E16:K16) -> 77350 | O16: =M16 -> 77350
B17: 2008 | C17: ARENA FINA | D17: M3 | M17: 60000 | O17: =M17 -> 60000
B18: 2009 | C18: AFRMADO | D18: M3 | E18: 59900 | M18: =AVERAGE(E18:K18) -> 59900 | O18: =M18 -> 59900
B19: 2010 | C19: CRUDO DE RIO | D19: M3 | E19: 65450 | M19: =AVERAGE(E19:K19) -> 65450 | O19: =M19 -> 65450
B20: 2011 | C20: RAJON | D20: M3 | E20: 71400 | M20: =AVERAGE(E20:K20) -> 71400 | O20: =M20 -> 71400
B21: 2012 | C21: PIEDRA BOLO | D21: M3 | E21: 65450 | M21: =AVERAGE(E21:K21) -> 65450 | O21: =M21 -> 65450
B22: 2013 | C22: GRAVILLA 14 MM | D22: M3 | E22: 101150 | M22: =AVERAGE(E22:K22) -> 101150 | O22: =M22 -> 101150
B23: 2014 | C23: CEMENTO USO GENERAL X 50 KG | D23: BULTO | M23: =+M24*50 -> 33394.775 | O23: =ROUND(M23,0) -> 33395
B24: 2015 | C24: CEMENTO USO GENERAL X 50 KG | D24: KG | M24: 667.8955 | O24: =ROUND(M24,0) -> 668
B25: 2016 | C25: AGUA | D25: M3 | M25: 170 | O25: =ROUND(M25,0) -> 170
B26: 2017 | C26: RECEBO | D26: M3 | M26: =53300/0.99 -> 53838.384 | O26: =ROUND(M26,0) -> 53838
B27: 2 | C27: MATERIALES FERRETERÍA
B28: 2018 | C28: Tuberia Novafort alcantarillado 10pulg-250mm X6m | D28: ML | F28: =300000/6 -> 50000 | G28: =300000/6 -> 50000 | J28: =405900/6 -> 67650 | M28: =+AVERAGE(F28:K28) -> 55883.333 | O28: =ROUND(M28,0) -> 55883
C29: Tuberia Novafort alcantarillado 12pulg-315mm x 6 m | D29: ML | G29: =450000/6 -> 75000 | J29: =529000/6 -> 88166.667 | M29: =+AVERAGE(F29:K29) -> 81583.333 | O29: =ROUND(M29,0) -> 81583
C30: Tuberia Novafort alcantarillado 6 pulg-160MM X 6 m | D30: ML | G30: =145000/6 -> 24166.667 | I30: =282700/6 -> 47116.667 | J30: =180900/6 -> 30150 | M30: =+AVERAGE(E30:K30) -> 33811.111 | O30: =ROUND(M30,0) -> 33811
C31: Tuberia alcantarillado 8 pulg 200mmX6m | D31: ML | F31: =220000/6 -> 36666.667 | G31: =215000/6 -> 35833.333 | J31: =264900/6 -> 44150 | M31: =+AVERAGE(E31:K31) -> 38883.333 | O31: =ROUND(M31,0) -> 38883
C32: Tuberia Novafort alcantarillado 16pulg-400mm X6m | D32: ML | G32: =860000/6 -> 143333.33 | K32: =852931.75/6 -> 142155.29 | M32: =+AVERAGE(E32:K32) -> 142744.31 | O32: =ROUND(M32,0) -> 142744
C33: Tuberia Novafort alcantarillado 24pulg-600mm X6m | D33: ML | G33: =2000000/6.5 -> 307692.31 | H33: 406753 | I33: =2617227/6.5 -> 402650.31 | M33: =+AVERAGE(E33:K33) -> 372365.21 | O33: =ROUND(M33,0) -> 372365
C34: Tuberia Novafort alcantarillado 14pulg-350mm X6m | D34: ML | G34: =685000/6 -> 114166.67 | H34: =122500 -> 122500 | I34: =808655/6 -> 134775.83 | M34: =+AVERAGE(E34:K34) -> 123814.17 | O34: =ROUND(M34,0) -> 123814
C35: Tuberia Sanitaria Lisa 4pulgX6m | D35: ML | F35: =105000/6 -> 17500 | G35: =95000/6 -> 15833.333 | J35: =95700/6 -> 15950 | M35: =+AVERAGE(E35:K35) -> 16427.778 | O35: =ROUND(M35,0) -> 16428
C36: KIT Silla yee pvc 10x6 pulg. | D36: UND | G36: 180000 | M36: =+AVERAGE(E36:K36) -> 180000 | O36: =ROUND(M36,0) -> 180000
C37: KIT Silla yee pvc 12x6 pulg. | D37: UND | G37: 260000 | M37: =+AVERAGE(E37:K37) -> 260000 | O37: =ROUND(M37,0) -> 260000
C38: KIT Silla yee pvc 8x6 pulg. | D38: UND | G38: 155000 | M38: =+AVERAGE(E38:K38) -> 155000
C39: Unión Sanitaria PVC 4 pulg | D39: UND
C40: ARO EN HIERRO FUNDIDO Y TAPA EN CONCRETO | D40: UND | G40: 534310 | L40: =499400+40000 -> 539400 | M40: =+AVERAGE(G40:L40) -> 536855 | O40: =ROUND(M40,0) -> 536855
C41: Acero PDR-60 | D41: KG | M41: =4758*0.99 -> 4710.42 | O41: =ROUND(M41,0) -> 4710
C42: Ladrillo Tolete (incluye trasnporte) | D42: UND | M42: =1000/0.99 -> 1010.101 | O42: =ROUND(M42,0) -> 1010
C43: Lubricante para tubería x 500 gramos | D43: GRAMOS | M43: =31900/0.99 -> 32222.222 | O43: =ROUND(M43,0) -> 32222
C44: SILICONA O SELLADOR ELASTICO | D44: UND | M44: 24900 | O44: =ROUND(M44,0) -> 24900
C46: TUBERÍA FLEXIBLE PF+UAD Ø 1/2" RDE 9 - PARA 630 PSI | D46: ML | M46: 2500 | O46: =ROUND(M46,0) -> 2500
C47: ADAPTADOR PF-UAD 1/2" MACHO | D47: UND | M47: 3200 | O47: =ROUND(M47,0) -> 3200
C48: REGISTRO DE INCORPORACIÓN 1/2" PEAD | D48: UND | M48: 19300 | O48: =ROUND(M48,0) -> 19300
C49: ADAPTADOR PF-UAD 1/2" HEMBRA | D49: UND | M49: 3200 | O49: =ROUND(M49,0) -> 3200
C50: REGISTRO DE CORTE 1/2" METALICO | D50: UND | M50: 16700 | O50: =ROUND(M50,0) -> 16700
C51: COLLAR DE DERIVACIÓN INCERTO METALICO 2"X1/2" | D51: UND | M51: 12600 | O51: =ROUND(M51,0) -> 12600
C52: TUBERÍA PRESIÓN 3" RDE 21 de 200 PSI | D52: ML | M52: =158108/6 -> 26351.333 | O52: =ROUND(M52,0) -> 26351
C53: UNIÓN TIPO CRUZ EN HD 3"X3" | D53: UND | M53: 299999 | O53: =ROUND(M53,0) -> 299999
C54: TEE HD EXTERMO LISO PARA PVC 3"X3" | D54: UND | H54: 190495 | M54: =+AVERAGE(E54:K54) -> 190495 | O54: =ROUND(M54,0) -> 190495
C55: HIDRANTE BRIDADO DE 3 PULGADAS, SALIDAS DE 2-1/2 PULGADAS | D55: UND | I55: 3119000 | M55: =+AVERAGE(E55:K55) -> 3119000 | O55: =ROUND(M55,0) -> 3119000
C56: UNIÓN TIPO MECANICA PVC DE 3 PULGADAS | D56: UND | M56: 45325 | O56: =ROUND(M56,0) -> 45325
C57: TEE UZ ENSAMBLADA PVC UNIÓN MECANICA 3 PULGADAS | D57: UND | I57: 98170 | M57: =+AVERAGE(E57:K57) -> 98170 | O57: =ROUND(M57,0) -> 98170
C58: Recebo Tamaño maximo 1" | D58: m3 | O58: =53300/0.99 -> 53838.384
C59: CONCRETO 2000 PSI | D59: M3 | O59: =+'[212]CON 14 MPA '!N56 -> 458217
B61: 3 | C61: ALQUILERES | Q61: IPC | R61: 0.996
B62: 3001
B63: 3002
B64: 3003

Sheet CON 21 MPA
B3: ALCALDÍA DEL MUNICIPIO DE MÁLAGA
B4: OFICINA ASESORA DE PLANEACIÓN Y ORDENAMIENTO TERRITORIAL
B5: MÁLAGA SANTANDER
B6: =+'[212]PRESUPUESTO OBRA'!C8 -> OPTIMIZACIÓN DEL COLECTOR DE LA RED DE ALCANTARILLADO SANITARIO UBICADO EN LA PARTE ALTA DE LA VEREDA EL GUASIMO DEL MUNICIPIO DE MÁLAGA, SANTANDER
K7: FECHA | L7: 1 | M7: 3 | N7: 2024
L8: (Día) | M8: (Mes) | N8: (Año)
B9: DATOS ESPECÍFICOS
Q10: codigo | R10: descripción
B11: ITEM | C11: DESCRIPCIÓN | L11: UNIDAD | N11: CANTIDAD
C12: CONCRETO 21 MPA | L12: M3
B14: I. EQUIPO
B16: DESCRIPCIÓN | I16: TIPO | K16: TARIFA/HORA | L16: RENDIMIENTO | N16: Vr. UNITARIO
B17: HERRAMIENTA MENOR (%) | I17: % | L17: 0.05 | N17: =+N54*L17 -> 3335.735
B18: MEZCLADOR A GASOLINA( TROMPO ) PUESTO EN OBRA | I18: DIA | K18: 110000 | L18: 0.203 | N18: =K18*L18 -> 22330
B23: SUBTOTAL $ | N23: =SUM(N17:N22) -> 25665.735
B25: II. MATERIALES
B27: DESCRIPCIÓN | J27: UNIDAD | K27: CANTIDAD | L27: PRECIO UNIT. | N27: Vr. UNITARIO
B28: AGUA | J28: LTS | K28: 170 | L28: 103 | N28: =K28*L28 -> 17510
B29: ARENA LAVADA | J29: M3 | K29: 0.52 | L29: =+[212]INSUMOS!O12 -> 83300 | N29: =K29*L29 -> 43316
B30: GRAVA TRITURADA 3/4 | J30: M3 | K30: 0.9 | L30: =+[212]INSUMOS!O11 -> 77350 | N30: =K30*L30 -> 69615
B31: CEMENTO GRIS(INCLUYE TRANSPORTE) | J31: KG | K31: 320 | L31: =+'[214]MERCADO '!M5 -> 667.8955 | N31: =K31*L31 -> 213726.56
B34: SUBTOTAL $ | N34: =SUM(N28:N33) -> 344167.56
B36: III. TRANSPORTES
B38: DESCRIPCIÓN | H38: UNIDAD | I38: CANTIDAD (1) | J38: DISTANCIA (2) | K38: (1) * (2) | L38: TARIFA | N38: Vr. UNITARIO
B39: ARENA LAVADA | I39: 1 | J39: 36 | K39: =+J39*I39 -> 36 | L39: =+[212]INSUMOS!N10 -> 1111.1111 | N39: =K39*L39 -> 40000
B40: GRAVA TRITURADA DE 3/4 | I40: 1 | J40: 36 | K40: =+J40*I40 -> 36 | L40: =+L39 -> 1111.1111 | N40: =K40*L40 -> 40000
N44: =N39+N40 -> 80000
B46: IV. MANO DE OBRA
B48: TRABAJADOR | I48: JORNAL | J48: PRESTACIONES (%) | K48: JORNAL TOTAL | L48: RENDIMIENTO | N48: Vr. UNITARIO
B49: OFICIAL | I49: =+[212]INSUMOS!Q4 -> 80665.027 | J49: 1.85 | K49: =+J49*I49 -> 149230.3 | L49: 5 | N49: =K49/L49 -> 29846.06
B50: AYUDANTE (2) | I50: =+[212]INSUMOS!Q5*2 -> 99644.973 | J50: 1.85 | K50: =+J50*I50 -> 184343.2 | L50: 5 | N50: =K50/L50 -> 36868.64
B54: SUBTOTAL $ | N54: =N49+N50+N51+N52 -> 66714.7
B56: TOTAL COSTO DIRECTO $ | N56: =ROUND(N23+N34+N44+N54,0) -> 516548

Sheet CON 14 MPA 
B3: ALCALDÍA DEL MUNICIPIO DE MÁLAGA
B4: OFICINA ASESORA DE PLANEACIÓN Y ORDENAMIENTO TERRITORIAL
B5: MÁLAGA SANTANDER
B6: =+'[212]PRESUPUESTO OBRA'!C8 -> OPTIMIZACIÓN DEL COLECTOR DE LA RED DE ALCANTARILLADO SANITARIO UBICADO EN LA PARTE ALTA DE LA VEREDA EL GUASIMO DEL MUNICIPIO DE MÁLAGA, SANTANDER
K7: FECHA | L7: 1 | M7: 3 | N7: 2024
L8: (Día) | M8: (Mes) | N8: (Año)
B9: DATOS ESPECÍFICOS
Q10: codigo | R10: descripción
B11: ITEM | C11: DESCRIPCIÓN | L11: UNIDAD | N11: CANTIDAD
C12: CONCRETO 21 MPA | L12: M3
B14: I. EQUIPO
B16: DESCRIPCIÓN | I16: TIPO | K16: TARIFA/HORA | L16: RENDIMIENTO | N16: Vr. UNITARIO
B17: HERRAMIENTA MENOR (%) | I17: % | L17: 0.05 | N17: =+N54*L17 -> 3335.735 | Q17: =1/L49 -> 0.2
B18: MEZCLADOR A GASOLINA( TROMPO ) PUESTO EN OBRA | I18: DIA | K18: 110000 | L18: 0.203 | N18: =K18*L18 -> 22330
B23: SUBTOTAL $ | N23: =SUM(N17:N22) -> 25665.735
B25: II. MATERIALES
B27: DESCRIPCIÓN | J27: UNIDAD | K27: CANTIDAD | L27: PRECIO UNIT. | N27: Vr. UNITARIO
B28: AGUA | J28: LTS | K28: 148 | L28: 103 | N28: =K28*L28 -> 15244
B29: ARENA LAVADA | J29: M3 | K29: 0.55 | L29: =+[212]INSUMOS!O12 -> 83300 | N29: =K29*L29 -> 45815
B30: GRAVA TRITURADA 3/4 | J30: M3 | K30: 0.92 | L30: =+[212]INSUMOS!O11 -> 77350 | N30: =K30*L30 -> 71162
B31: CEMENTO GRIS(INCLUYE TRANSPORTE) | J31: KG | K31: 230 | L31: =+'[214]MERCADO '!M5 -> 667.8955 | N31: =K31*L31 -> 153615.97
B34: SUBTOTAL $ | N34: =SUM(N28:N33) -> 285836.97
B36: III. TRANSPORTES
B38: DESCRIPCIÓN | H38: UNIDAD | I38: CANTIDAD (1) | J38: DISTANCIA (2) | K38: (1) * (2) | L38: TARIFA | N38: Vr. UNITARIO
B39: ARENA LAVADA | I39: 1 | J39: 15 | K39: 36 | L39: =+[212]INSUMOS!N10 -> 1111.1111 | N39: =K39*L39 -> 40000
B40: GRAVA TRITURADA DE 3/4 | I40: 1 | J40: 15 | K40: 36 | L40: =+L39 -> 1111.1111 | N40: =K40*L40 -> 40000
N44: =N39+N40 -> 80000
B46: IV. MANO DE OBRA
B48: TRABAJADOR | I48: JORNAL | J48: PRESTACIONES (%) | K48: JORNAL TOTAL | L48: RENDIMIENTO | N48: Vr. UNITARIO
B49: OFICIAL | I49: =+[212]INSUMOS!Q4 -> 80665.027 | J49: 1.85 | K49: =+J49*I49 -> 149230.3 | L49: 5 | N49: =K49/L49 -> 29846.06 | P49: =+K49/1.85 -> 80665.027
B50: AYUDANTE (2) | I50: =+[212]INSUMOS!Q5*2 -> 99644.973 | J50: 1.85 | K50: =+J50*I50 -> 184343.2 | L50: 5 | N50: =K50/L50 -> 36868.64
B54: SUBTOTAL $ | N54: =N49+N50+N51+N52 -> 66714.7
B56: TOTAL COSTO DIRECTO $ | N56: =ROUND(N23+N34+N44+N54,0) -> 458217

Sheet MORTERO 1-3
B3: ALCALDÍA DEL MUNICIPIO DE MÁLAGA
B4: OFICINA ASESORA DE PLANEACIÓN Y ORDENAMIENTO TERRITORIAL
B5: MÁLAGA SANTANDER
B6: =+'[212]PRESUPUESTO OBRA'!C8 -> OPTIMIZACIÓN DEL COLECTOR DE LA RED DE ALCANTARILLADO SANITARIO UBICADO EN LA PARTE ALTA DE LA VEREDA EL GUASIMO DEL MUNICIPIO DE MÁLAGA, SANTANDER
K7: FECHA | L7: 1 | M7: 3 | N7: 2024
L8: (Día) | M8: (Mes) | N8: (Año)
B9: DATOS ESPECÍFICOS
B11: ITEM | C11: DESCRIPCIÓN | L11: UNIDAD | N11: CANTIDAD
C12: CONCRETO 21 MPA | L12: M3
B14: I. EQUIPO
B16: DESCRIPCIÓN | I16: TIPO | K16: TARIFA/HORA | L16: RENDIMIENTO | N16: Vr. UNITARIO
B17: HERRAMIENTA MENOR (%) | I17: % | L17: 0.05 | N17: =+N51*L17 -> 4257.451
B18: MEZCLADOR A GASOLINA( TROMPO ) PUESTO EN OBRA | I18: DIA | K18: 80000 | L18: 0.203 | N18: =K18*L18 -> 16240
B23: SUBTOTAL $ | N23: =SUM(N17:N22) -> 20497.451
B25: II. MATERIALES
B27: DESCRIPCIÓN | J27: UNIDAD | K27: CANTIDAD | L27: PRECIO UNIT. | N27: Vr. UNITARIO
B28: AGUA | J28: LTS | K28: 250 | L28: 102.78 | N28: =K28*L28 -> 25695
B29: ARENA DE RIO | J29: M3 | K29: 1.1 | L29: 71400 | N29: =K29*L29 -> 78540
B30: CEMENTO GRIS(INCLUYE TRANSPORTE) | J30: KG | K30: 454 | L30: =+'[214]MERCADO '!M5 -> 667.8955 | N30: =K30*L30 -> 303224.56
B33: SUBTOTAL $ | N33: =SUM(N28:N32) -> 407459.56
B35: III. TRANSPORTES
B37: DESCRIPCIÓN | H37: UNIDAD | I37: CANTIDAD (1) | J37: DISTANCIA (2) | K37: (1) * (2) | L37: TARIFA | N37: Vr. UNITARIO
B38: ARENA LAVADA | I38: 1 | J38: 15 | K38: =+J38*I38 -> 15 | L38: 1000 | N38: =K38*L38 -> 15000
N42: =N38 -> 15000
B44: IV. MANO DE OBRA
B46: TRABAJADOR | I46: JORNAL | J46: PRESTACIONES (%) | K46: JORNAL TOTAL | L46: RENDIMIENTO | N46: Vr. UNITARIO
B47: OFICIAL | I47: =+[212]INSUMOS!Q4 -> 80665.027 | J47: 1.85 | K47: =+J47*I47 -> 149230.3 | L47: 5 | N47: =K47/L47 -> 29846.06
B48: AYUDANTE (3) | I48: =+[212]INSUMOS!Q5*3 -> 149467.46 | J48: 1.85 | K48: =+J48*I48 -> 276514.8 | L48: 5 | N48: =K48/L48 -> 55302.96
B51: SUBTOTAL $ | N51: =SUM(N47:N50) -> 85149.02
B53: TOTAL COSTO DIRECTO $ | N53: =ROUND(N23+N33+N42+N51,0) -> 528106

Sheet MORTERO 1-4
B3: ALCALDÍA DEL MUNICIPIO DE MÁLAGA
B4: OFICINA ASESORA DE PLANEACIÓN Y ORDENAMIENTO TERRITORIAL
B5: MÁLAGA SANTANDER
B6: =+'[212]PRESUPUESTO OBRA'!C8 -> OPTIMIZACIÓN DEL COLECTOR DE LA RED DE ALCANTARILLADO SANITARIO UBICADO EN LA PARTE ALTA DE LA VEREDA EL GUASIMO DEL MUNICIPIO DE MÁLAGA, SANTANDER
K7: FECHA | L7: 1 | M7: 3 | N7: 2024
L8: (Día) | M8: (Mes) | N8: (Año)
B9: DATOS ESPECÍFICOS
B11: ITEM | C11: DESCRIPCIÓN | L11: UNIDAD | N11: CANTIDAD
C12: CONCRETO 21 MPA | L12: M3
B14: I. EQUIPO
B16: DESCRIPCIÓN | I16: TIPO | K16: TARIFA/HORA | L16: RENDIMIENTO | N16: Vr. UNITARIO
B17: HERRAMIENTA MENOR (%) | I17: % | L17: 0.05 | N17: =+N51*L17 -> 4257.451
B18: MEZCLADOR A GASOLINA( TROMPO ) PUESTO EN OBRA | I18: DIA | K18: 80000 | L18: 0.203 | N18: =K18*L18 -> 16240
B23: SUBTOTAL $ | N23: =SUM(N17:N22) -> 20497.451
B25: II. MATERIALES
B27: DESCRIPCIÓN | J27: UNIDAD | K27: CANTIDAD | L27: PRECIO UNIT. | N27: Vr. UNITARIO
B28: AGUA | J28: LTS | K28: 250 | L28: 102.78 | N28: =K28*L28 -> 25695
B29: ARENA LAVADA | J29: M3 | K29: 1.16 | L29: =+[212]INSUMOS!O12 -> 83300 | N29: =K29*L29 -> 96628
B30: CEMENTO GRIS(INCLUYE TRANSPORTE) | J30: KG | K30: 364 | L30: =+'[214]MERCADO '!M5 -> 667.8955 | N30: =K30*L30 -> 243113.96
B33: SUBTOTAL $ | N33: =SUM(N28:N32) -> 365436.96
B35: III. TRANSPORTES
B37: DESCRIPCIÓN | H37: UNIDAD | I37: CANTIDAD (1) | J37: DISTANCIA (2) | K37: (1) * (2) | L37: TARIFA | N37: Vr. UNITARIO
B38: ARENA LAVADA | I38: 1 | J38: 15 | K38: =+J38*I38 -> 15 | L38: =+[212]INSUMOS!N10 -> 1111.1111 | N38: =K38*L38 -> 16666.667
N42: =N38 -> 16666.667
B44: IV. MANO DE OBRA
B46: TRABAJADOR | I46: JORNAL | J46: PRESTACIONES (%) | K46: JORNAL TOTAL | L46: RENDIMIENTO | N46: Vr. UNITARIO
B47: OFICIAL | I47: =+[212]INSUMOS!Q4 -> 80665.027 | J47: 1.85 | K47: =+J47*I47 -> 149230.3 | L47: 5 | N47: =K47/L47 -> 29846.06
B48: AYUDANTE (3) | I48: =+[212]INSUMOS!Q5*3 -> 149467.46 | J48: 1.85 | K48: =+J48*I48 -> 276514.8 | L48: 5 | N48: =K48/L48 -> 55302.96
B51: SUBTOTAL $ | N51: =SUM(N47:N50) -> 85149.02
B53: TOTAL COSTO DIRECTO $ | N53: =ROUND(N23+N33+N42+N51,0) -> 487750

Sheet ACERO
B3: ALCALDÍA DEL MUNICIPIO DE MÁLAGA
B4: OFICINA ASESORA DE PLANEACIÓN Y ORDENAMIENTO TERRITORIAL
B5: MÁLAGA SANTANDER
B6: =+'[212]PRESUPUESTO OBRA'!C8 -> OPTIMIZACIÓN DEL COLECTOR DE LA RED DE ALCANTARILLADO SANITARIO UBICADO EN LA PARTE ALTA DE LA VEREDA EL GUASIMO DEL MUNICIPIO DE MÁLAGA, SANTANDER
K7: FECHA | L7: 1 | M7: 6 | N7: 2024
L8: (Día) | M8: (Mes) | N8: (Año)
B9: DATOS ESPECÍFICOS
B11: ITEM | C11: DESCRIPCIÓN | L11: UNIDAD | N11: CANTIDAD
C12: ACERO FIGURADO DE REFUERZO DE 4200 kg/cm² (60.000 PSI) | L12: =+'[214]PRESUPUESTO H-4 METROS'!E14 -> kg
B14: I. EQUIPO
B16: DESCRIPCIÓN | I16: TIPO | K16: TARIFA/HORA | L16: RENDIMIENTO | N16: Vr. UNITARIO
B17: HERRAMIENTA MENOR (10%) | I17: % | L17: 0.05 | N17: =N48*L17 -> 164.19807
B23: SUBTOTAL $ | N23: =SUM(N17:N22) -> 164.19807
B25: II. MATERIALES
B27: DESCRIPCIÓN | J27: UNIDAD | K27: CANTIDAD | L27: PRECIO UNIT. | N27: Vr. UNITARIO
B28: ALAMBRE NEGRO CALIBRE 18 PARA AMARRE | J28: KG | K28: 0.04 | L28: =+'[214]MERCADO '!M11 -> 7128.66 | N28: =K28*L28 -> 285.1464
B29: ACERO 60000 PSI | J29: KG | K29: 1.05 | L29: 4700 | N29: =K29*L29 -> 4935
B32: SUBTOTAL $ | N32: =SUM(N28:N29) -> 5220.1464
B34: III. TRANSPORTES
B36: DESCRIPCIÓN | H36: UNIDAD | I36: CANTIDAD (1) | J36: DISTANCIA (2) | K36: (1) * (2) | L36: TARIFA | N36: Vr. UNITARIO
B37: TRANSPORTE DE ACERO DESDE FERRETERIA | H37: KG-KM | I37: 1.05 | J37: 1 | K37: =I37*J37 -> 1.05 | M37: 30 | N37: =K37*M37 -> 31.5
N40: =N37 -> 31.5
B42: IV. MANO DE OBRA
B44: TRABAJADOR | I44: JORNAL | J44: PRESTACIONES (%) | K44: JORNAL TOTAL | L44: RENDIMIENTO | N44: Vr. UNITARIO
B45: CUADRILLA ( 1 MAESTRO +1 OFICIAL+ 2 OBREROS) | I45: 497032 | J45: 1.85 | K45: =I45*J45 -> 919509.2 | L45: 280 | N45: =K45/L45 -> 3283.9614
B48: SUBTOTAL $ | N48: =N45+N46 -> 3283.9614
B50: TOTAL COSTO DIRECTO $ | N50: =ROUND(N23+N32+N40+N48,0) -> 8700
